 Dungeon Crawl Stone Soup version 0.31-a0-636-ge1c0e02 (webtiles) character file.

Game seed: 3385343755104009647

1615010 foff the Eclecticist (level 23, 190/190 HPs)
             Began as a Mummy Brigand on Aug 24, 2023.
             Was the Champion of Ashenzari.
             Escaped with the Orb
             ... and 3 runes on Aug 26, 2023!
             The game lasted 01:57:58 (64948 turns).

foff the Eclecticist (Mummy Brigand)               Turns: 64948, Time: 01:57:58

Health: 190/190    AC: 15    Str: 11 (12) XL:     23   Next: 55%
Magic:  56/56      EV: 32    Int: 14      God:    Ashenzari [******]
Gold:   1519       SH:  9    Dex: 28      Spells: 9/63 levels left

rFire   + . .        a - +7 quick blade of Ashenzari's Soothsayer {spect, Elem, Cun} (curse)
rCold   + + +        h - +0 buckler "Per Aspera Ad Scientiam" {Dev, Comp} (curse)
rNeg    + + +        U - +3 troll leather armour "Unveiling Affliction" {Regen+, Self, Cun} (curse)
rPois   ∞            i - +2 helmet of Ashenzari's Regret {Cun, Comp} (curse)
rElec   +            c - +0 cloak "Per Aspera Ad Scientiam" {Cun, Elem} (curse)
rCorr   +            C - +1 pair of gloves "Thunder Perfect Mind" {rPois rF+ rN++, Bglg, Dev} (curse)
SInv    +            y - +0 pair of boots "Sibylline Fetters" {rC+, Self, Elem} (curse)
Will    ++...        x - amulet "Oscillating Fan" {rC+ Regen+ MP+9, Self, Fort} (curse)
Stlth   +++          T - ring of Toth-Mos's Legacy {rF+, Comp, Cun} (curse)
HPRegen 2.11/turn    H - ring of the Lashed Mistrust {rElec rCorr Str-4 Dex+9 Stlth+, Self, Fort} (curse)
MPRegen 0.35/turn

%: clarity, faith
@: no status effects
A: cold resistance 1, negative energy resistance 3, torment resistance 2, heat
vulnerability 1, in touch with death 2, no potions, faith
0: Orb of Zot
}: 3/15 runes: decaying, abyssal, gossamer
a: Renounce Religion, Shatter the Chains


You escaped.
You worshipped Ashenzari.
Ashenzari was exalted by your worship.
You visited 10 branches of the dungeon, and saw 47 of its levels.
You visited the Abyss 2 times.
You visited 1 bazaar.
You also visited: Ossuary, Bailey and Ice Cave.

You collected 6610 gold pieces.
You spent 5091 gold pieces at shops.

Inventory:

Hand Weapons
 a - the cursed +7 quick blade of Ashenzari's Soothsayer (weapon) {spect, Elem, Cun}
   (You took it off a kobold brigand on level 3 of the Abyss)

   It has a curse which improves the following skills: Elements: Fire Magic, Ice
   Magic, Air Magic and Earth Magic.
   Cunning:   Dodging and Stealth.
Missiles
 e - 21 curare-tipped darts
 s - 7 datura-tipped darts
 J - 11 atropa-tipped darts
 L - 42 boomerangs
 P - 5 darts of dispersal
Armour
 c - the cursed +0 cloak "Per Aspera Ad Scientiam" (worn) {Cun, Elem}

   It has a curse which improves the following skills: Cunning: Dodging and
   Stealth.
   Elements:  Fire Magic, Ice Magic, Air Magic and Earth Magic.
 h - the cursed +0 buckler "Per Aspera Ad Scientiam" (worn) {Dev, Comp}
   (You found it on level 1 of the Dungeon)

   It has a curse which improves the following skills: Devices: Evocations.
   Companions: Summonings and Necromancy.
 i - the cursed +2 helmet of Ashenzari's Regret (worn) {Cun, Comp}
   (You found it on level 1 of the Dungeon)

   It has a curse which improves the following skills: Cunning: Dodging and
   Stealth.
   Companions: Summonings and Necromancy.
 y - the cursed +0 pair of boots "Sibylline Fetters" (worn) {rC+, Self, Elem}
   (You found it on level 3 of the Elven Halls)

   rC+:       It protects you from cold.
   It has a curse which improves the following skills: Introspection: Fighting
   and Spellcasting.
   Elements:  Fire Magic, Ice Magic, Air Magic and Earth Magic.
 C - the cursed +1 pair of gloves "Thunder Perfect Mind" (worn) {rPois rF+ rN++, Bglg, Dev}
   (You acquired it on level 2 of the Dungeon)

   rF+:       It protects you from fire.
   rPois:     It protects you from poison rN++: It greatly protects you from
   negative energy.
   It has a curse which improves the following skills: Beguiling: Conjurations,
   Hexes and Translocations.
   Devices:   Evocations.
 Q - a +2 cloak
 U - the cursed +3 troll leather armour "Unveiling Affliction" (worn) {Regen+, Self, Cun}
   (You found it on level 2 of the Orcish Mines)

   Regen+:    It increases your rate of health regeneration.
   It has a curse which improves the following skills: Introspection: Fighting
   and Spellcasting.
   Cunning:   Dodging and Stealth.
Magical Staves
 b - a staff of fire
Jewellery
 o - the ring of Bomittis {rC+ rN+ rCorr}
   (You bought it in a shop on level 1 of the Depths)

   [ring of resist corrosion]

   rC+:       It protects you from cold.
   rN+:       It protects you from negative energy.
   rCorr:     It protects you from acid and corrosion.
 u - the ring of Cuocwunt {Ice rElec rCorr}
   (You took it off a deep elf annihilator on level 3 of the Elven Halls)

   [ring of ice]

   Ice:       It enhances your ice magic.
   rF-:       It makes you vulnerable to fire.
   rC+:       It protects you from cold.
   rElec:     It insulates you from electricity.
   rCorr:     It protects you from acid and corrosion.
 x - the cursed amulet "Oscillating Fan" (around neck) {rC+ Regen+ MP+9, Self, Fort}
   (You took it off a deep elf blademaster on level 3 of the Elven Halls)

   [amulet of regeneration]

   rC+:       It protects you from cold.
   MP+9:      It affects your magic capacity (+9).
   Regen+:    It increases your rate of health regeneration.
   It has a curse which improves the following skills: Introspection: Fighting
   and Spellcasting.
   Fortitude: Armour and Shields.
 z - a ring of willpower
 B - a ring of fire
 G - a ring of wizardry
 H - the cursed ring of the Lashed Mistrust (right hand) {rElec rCorr Str-4 Dex+9 Stlth+, Self, Fort}
   (You took it off a deep elf pyromancer on level 3 of the Elven Halls)

   [ring of resist corrosion]

   Str-4:     It affects your strength (-4).
   Dex+9:     It affects your dexterity (+9).
   rElec:     It insulates you from electricity.
   rCorr:     It protects you from acid and corrosion.
   Stlth+:    It makes you more stealthy.
   It has a curse which improves the following skills: Introspection: Fighting
   and Spellcasting.
   Fortitude: Armour and Shields.
 T - the cursed ring of Toth-Mos's Legacy (left hand) {rF+, Comp, Cun}
   (You found it on level 3 of the Elven Halls)

   [ring of protection from fire]

   rF+:       It protects you from fire.
   It has a curse which improves the following skills: Companions: Summonings
   and Necromancy.
   Cunning:   Dodging and Stealth.
 W - a ring of flight
 Y - a ring of resist corrosion
Wands
 l - a wand of flame (144)
 p - a wand of mindburst (31)
 w - a wand of polymorph (34)
 I - a wand of light (2)
 O - a wand of iceblast (54)
 R - a wand of digging (21)
 X - a wand of charming (37)
Scrolls
 d - a scroll of butterflies
 f - 5 scrolls of amnesia
 g - 10 scrolls of fog
 j - 11 scrolls of vulnerability
 k - 3 scrolls of teleportation
 q - 6 scrolls of immolation
 v - 2 scrolls of silence
 A - 3 scrolls of enchant weapon
 D - 3 scrolls of enchant armour
 E - a scroll of torment
 F - a scroll of blinking
 K - 5 scrolls of fear
 S - a scroll of brand weapon
 Z - 3 scrolls of revelation
Miscellaneous
 r - a lightning rod (4/4)
 N - a box of beasts
 V - a phial of floods


   Skills:
 * Level 12.6(18.3) Fighting
 - Level 11.3 Short Blades
 - Level 6.0 Throwing
 - Level 5.8(9.4) Armour
 * Level 14.1(20.7) Dodging
 + Level 14.4(21.0) Stealth
 - Level 7.9(11.5) Shields
 - Level 15.0(20.6) Spellcasting
 - Level 8.3(10.8) Conjurations
 - Level 11.8(14.2) Hexes
 - Level 3.1(7.0) Summonings
 - Level 8.3(13.0) Necromancy
 * Level 10.2(12.6) Translocations
 - Level 9.4 Transmutations
 - Level 6.0(10.6) Air Magic
 - Level 6.9(11.6) Earth Magic
 - Level 2.3 Poison Magic
 - Level 11.4(15.0) Evocations


You had 9 spell levels left.
You knew the following spells:

 Your Spells              Type           Power      Damage    Failure   Level
a - Apportation           Tloc           98%        N/A       1%          1
c - Dispel Undead         Necr           86%        3d28      1%          4
d - Dazzling Flash        Conj/Hex       98%        N/A       1%          3
e - Irradiate             Conj/Tmut      21%        3d18      2%          5
p - Passwall              Tmut/Erth      35%        N/A       1%          2
q - Summon Mana Viper     Hex/Summ       44%        N/A       1%          5
r - Passage of Golubria   Tloc           49%        N/A       1%          4
t - Mephitic Cloud        Conj/Pois/Air  36%        N/A       1%          3
v - Borgnjor's Vile Clut  Necr/Erth      42%        N/A       1%          5
x - Ensorcelled Hibernat  Hex/Ice        70%        N/A       1%          2
z - Confusing Touch       Hex            53%        N/A       1%          3
B - Blink                 Tloc           98%        N/A       1%          2
R - Lee's Rapid Deconstr  Erth           23%        3d13*     1%          5
S - Silence               Hex/Air        24%        N/A       1%          5
Y - Yara's Violent Unrav  Hex/Tmut       23%        3d10      1%          5

Your spell library contained the following spells:

 Spells                   Type           Power      Damage    Failure   Level
 Slow                     Hex            100%       N/A       0%          1
 Kiss of Death            Conj/Necr      100%       2d13      1%          1
 Magic Dart               Conj           100%       1d8       1%          1
 Necrotise                Necr           100%       1d9       1%          1
 Sandblast                Erth           94%        2d19      1%          1
 Summon Small Mammal      Summ           100%       N/A       1%          1
 Call Imp                 Summ           68%        N/A       1%          2
 Lesser Beckoning         Tloc           98%        N/A       1%          2
 Momentum Strike          Conj/Tloc      94%        3d10      1%          2
 Poisonous Vapours        Pois/Air       64%        N/A       1%          2
 Call Canine Familiar     Summ           34%        N/A       1%          3
 Hailstorm                Conj/Ice       30%        3d8       1%          3
 Portal Projectile        Hex/Tloc       100%       N/A       1%          3
 Stone Arrow              Conj/Erth      90%        3d12      1%          3
 Summon Guardian Golem    Hex/Summ       44%        N/A       1%          3
 Tukima's Dance           Hex            53%        N/A       1%          3
 Vampiric Draining        Necr           86%        2d12      1%          3
 Vhi's Electric Charge    Tloc/Air       94%        N/A       1%          3
 Volatile Blastmotes      Fire/Tloc      66%        2d15      1%          3
 Anguish                  Hex/Necr       43%        N/A       1%          4
 Animate Armour           Summ/Erth      80%        N/A       1%          4
 Animate Dead             Necr           86%        N/A       1%          4
 Leda's Liquefaction      Hex/Erth       25%        N/A       1%          4
 Petrify                  Tmut/Erth      43%        N/A       1%          4
 Summon Lightning Spire   Summ/Air       39%        N/A       1%          4
 Agony                    Necr           86%        N/A       1%          5
 Arcjolt                  Conj/Air       22%        1d32      1%          5
 Summon Forest            Summ/Tloc      21%        N/A       2%          5
 Freeze                   Ice            64%        1d7       4%          1
 Death Channel            Necr           43%        N/A       4%          6
 Freezing Cloud           Conj/Ice/Air   17%        6-21      8%          5
 Frozen Ramparts          Ice            32%        1d5       12%         3
 Ozocubu's Armour         Ice            16%        N/A       12%         3
 Alistair's Intoxication  Tmut/Pois      20%        N/A       14%         5
 Summon Cactus Giant      Summ           17%        N/A       43%         6
 Simulacrum               Ice/Necr       33%        N/A       45%         6
 Orb of Destruction       Conj           22%        9d8       47%         7
 Eringya's Noxious Bog    Tmut/Pois      15%        4d6       58%         6
 Starburst                Conj/Fire      15%        6d6       61%         6
 Spellforged Servitor     Conj/Summ      19%        N/A       75%         7
 Lehudib's Crystal Spear  Conj/Erth      22%        10d6      98%         8
 Maxwell's Capacitive Co  Air            22%        ∞         99%         8
 Ozocubu's Refrigeration  Ice            8%         4d9       100%        7
 Polar Vortex             Ice            8%         12d1*     100%        9
 Sublimation of Blood     Necr           Unusable   N/A       N/A         2

Dungeon Overview and Level Annotations

Branches:
Dungeon (15/15)            Temple (1/1) D:5            Lair (5/5) D:9
  Swamp (4/4) Lair:3       Spider (4/4) Lair:2        Slime (0/5) Lair:5
    Orc (2/2) D:12            Elf (3/3) Orc:2        Vaults (4/5) D:14
  Crypt (0/3) Vaults:3     Depths (4/4) D:15            Zot (5/5) Depths:4
Ossuary (visited)          Bailey (visited)           IceCv (visited)

Altars:
Ashenzari
Cheibriados
Dithmenos
Fedhas
Gozag
Hepliaklqana
Kikubaaqudgha
Makhleb
Nemelex Xobeh
Okawaru
Qazlal
Ru
Sif Muna
Trog
Uskayaw
Vehumet
Wu Jian
Xom
Yredelemnul
Jiyva

Shops:
D:2 :   D:13 (   Orc:2 !:([   Vaults:2 (   Vaults:4 ?!**   Zot:2 *
Depths:1 *:*   Depths:3 !

Portals:
Hell: Depths:1 Depths:2 Depths:3 Depths:4
Abyss: Depths:2 Depths:3
Pandemonium: Depths:2
Ziggurat: Depths:4
Trove: Vaults:4 (give +3 gold dragon scales)

Annotations:
D:2 1 runed translucent door, Crazy Yiuf
D:10 exclusion: obsidian statue
D:14 2 runed translucent doors
Lair:3 3 runed translucent doors, Feol's ghost, journeyman OgDe
Swamp:1 3 runed translucent doors, Rehajen's ghost, journeyman FeSu
Spider:3 Mara
Orc:1 3 runed translucent doors, PiratePeteNZ's ghost, journeyman GnFi
Elf:1 1 runed translucent door, Mown's ghost, adept DsFi
Elf:2 3 runed translucent doors
Vaults:1 2 transporters, kickassninja's ghost, adept DECj
Vaults:2 3 runed translucent doors, Nycvuote's ghost, adept DrSh
Vaults:4 1 runed translucent door
Zot:1 Grunn
Zot:3 4 exclusions
Zot:4 1 exclusion
Zot:5 1 transporter, 3 exclusions


Innate Abilities, Weirdness & Mutations

You are immune to poison.
Your flesh is cold resistant. (rC+)
You are immune to negative energy. (rN+++)
You are immune to unholy pain and torment.
You are vulnerable to heat. (rF-)
You are strongly in touch with the powers of death.
You do not drink.
You have a special connection with the divine. (Faith)


Message History

You climb upwards.
There is a stone staircase leading down here.
(D) Dungeon (T) Temple (L) Lair (S) Swamp (N) Spider Nest (M) Slime Pits (O) Orcish Mines (E) Elven Halls (V) Vaults (C) Crypt (U) Depths (H) Hell (Z) Zot
Where to? (Tab/Enter - D:1 @ (x,y), ? - help)
What level of the Dungeon? (default 1, ? - help)
An ice devil comes into view.
The ice devil misses you.
Casting: Irradiate (mildly dangerous; 2% risk of failure)
Confirm with . or Enter, or press ? or * to list all spells.
You miscast Irradiate.
You are very lightly contaminated with residual magic.
Nothing appears to happen.
The ice devil completely misses you.
You hit the ice devil. You puncture the ice devil!
The ice devil is moderately wounded.
Your +7 quick blade of Ashenzari's Soothsayer {spect, Elem, Cun} closely misses the ice devil.
Your +7 quick blade of Ashenzari's Soothsayer {spect, Elem, Cun} hits the ice devil!
You barely miss the ice devil. You puncture the ice devil!
The ice devil is heavily wounded.
Your +7 quick blade of Ashenzari's Soothsayer {spect, Elem, Cun} hits the ice devil.
Your +7 quick blade of Ashenzari's Soothsayer {spect, Elem, Cun} hits the ice devil but does no damage.
You block the ice devil's attack.
Casting: Irradiate (mildly dangerous; 2% risk of failure)
Confirm with . or Enter, or press ? or * to list all spells.
You erupt in a fountain of uncontrolled magic!
The ice devil is blasted with magical radiation!!
You kill the ice devil!
Your +7 quick blade of Ashenzari's Soothsayer {spect, Elem, Cun} disappears.
(D) Dungeon (T) Temple (L) Lair (S) Swamp (N) Spider Nest (M) Slime Pits (O) Orcish Mines (E) Elven Halls (V) Vaults (C) Crypt (U) Depths (H) Hell (Z) Zot
Where to? (Tab/Enter - D:1 @ (x,y), ? - help)
There is a dry fountain here.
Your magical contamination has completely faded away.
Magic restored.
There is a staircase leading out of the dungeon here.
You have escaped!

#######################
#####.....................#
#...#...8...8.............#
##..#..........#########..#
#..#.⌠......⌠.#≈≈≈≈≈≈≈#...
#..#.....@....#S≈≈≈≈≈≈#...
#..#.⌠......⌠.#≈≈≈≈≈≈≈#...
#..#..........#########..#
#..#...8...8.............#
#..#.....................#
##..#######################
#........................#
###.#########..........#.#
#.# #..........#.##


You could see an electric eel.

Vanquished Creatures
  A juggernaut (Depths:3)
  Sojobo (Depths:1)
  Josephina (Zot:5)
  A Killer Klown (Zot:5)
  Vv (Depths:2)
  4 curse toes
  Saint Roka (Orc:2)
  2 golden dragons
  Nikola (Elf:3)
  Arachne (Spider:2)
  A bone dragon (Depths:4)
  An electric golem (Zot:1)
  Jorgrun (Swamp:1)
  5 Orb Guardians
  10 tentacled monstrosities
  A deep elf master archer (Elf:3)
  Asterion (Depths:1)
  A walking earthen tome (Depths:3)
  2 quicksilver dragons (Zot:3)
  6 deep elf blademasters
  3 sphinxes
  3 death cobs
  An ancient champion (Vaults:3)
  Frances (D:14)
  5 shadow dragons
  6 storm dragons
  3 tengu reavers (Depths:1)
  5 fenstrider witches
  5 thorn hunters
  A draconian monk (Zot:4)
  Donald (Spider:3)
  An azure jelly (Elf:2)
  8 frost giants
  6 deep elf sorcerers (Elf:3)
  3 draconian knights
  4 fire giants
  An iron dragon (Depths:3)
  12 vault wardens
  6 emperor scorpions
  4 deep elf elementalists (Elf:3)
  2 draconian scorchers
  2 ghost moths (Spider:4)
  3 draconian annihilators
  2 cacodemons
  2 orc warlords
  A reaper (Swamp:4)
  19 very ugly things
  A ghoul (Swamp:2)
  13 ironbound preservers
  A juggernaut skeleton (Depths:2)
  4 draconian shifters
  A broodmother (Spider:4)
  5 stone giants
  6 ironbound thunderhulks
  A vampire knight (Vaults:3)
  2 war gargoyles
  9 green draconians
  Nessos (Lair:4)
  3 black draconians
  Azrael (D:13)
  7 deep elf annihilators
  7 eleionomae
  2 deep elf demonologists (Elf:3)
  8 dire elephants
  6 bunyips
  2 red draconians
  10 purple draconians
  9 yellow draconians
  A spark wasp (Spider:4)
  12 white draconians
  A blizzard demon (Swamp:4)
  5 deep elf death magi (Elf:3)
  A crystal guardian (Vaults:2)
  A merfolk javelineer (Depths:3)
  21 ettins
  12 yaktaur captains
  2 entropy weavers (Spider:4)
  2 shambling mangroves (Swamp:2)
  7 fire dragons
  7 deep elf high priests (Elf:3)
  7 great orbs of eyes
  8 ice dragons
  4 rakshasas
  3 vault guards
  12 hydras
  Erolcha (Orc:2)
  4 spriggan air magi
  2 peacekeepers
  7 ironbound frosthearts
  A ghost crab (Swamp:1)
  3 ogre magi
  22 centaur warriors
  3 radroaches
  7 alligators
  A death knight (D:14)
  A sphinx skeleton (Depths:1)
  11 dancing weapons
  4 two-headed ogres
  6 tengu warriors
  A catoblepas (Lair:5)
  6 boulder beetles
  4 deep troll shamans
  8 orc high priests
  A vampire mage (Depths:1)
  9 death yaks
  Urug (D:10)
  6 deep troll earth magi
  3 thrashing horrors
  A hell hog (Depths:1)
  11 demonic crawlers
  5 deep elf knights
  8 spriggan berserkers
  2 soul eaters
  4 hell knights
  9 sun demons (Depths:1)
  2 skeletal warriors
  3 iron trolls
  2 spark wasp zombies (Depths:2)
  4 pharaoh ants
  2 skysharks
  2 goliath frogs
  A storm dragon skeleton (Depths:2)
  3 sixfirhies
  A death drake (shapeshifter) (D:14)
  2 sun moths
  7 spriggan druids
  55 deep trolls
  2 flayed ghosts (Depths:3)
  4 orb spiders
  5 bog bodies
  5 swamp dragons
  3 orange crystal statues
  6 glowing orange brains
  6 deep elf archers
  3 steelbarb worms
  2 harpies
  9 lindwurms
  A shadow dragon skeleton (Depths:1)
  A phantasmal warrior (D:13)
  5 necromancers
  9 wizards
  14 deep elf pyromancers
  16 deep elf zephyrmancers
  7 ironbound convokers
  8 orc knights
  A worldbinder (Abyss:3)
  An orc sorcerer (Elf:3)
  A salamander (Depths:2)
  14 moths of wrath
  A shining eye (Depths:1)
  4 manticores
  38 ugly things
  A tengu skeleton (Depths:2)
  21 cyclopes
  A moth of wrath (shapeshifter) (D:14)
  A manticore (shapeshifter) (D:14)
  5 black mambas
  19 elephants
  17 wolf spiders
  2 rust devils (Depths:2)
  An apocalypse crab (Abyss:2)
  3 torpor snails
  3 smoke demons
  An eye of devastation (Depths:1)
  7 orange demons
  2 gargoyles (D:13)
  15 vault sentinels
  6 cane toads
  39 yaktaurs
  5 rime drakes
  3 storm dragon simulacra (IceCv)
  7 freezing wraiths
  3 kobold demonologists
  3 ice devils
  2 efreet
  A ghost moth simulacrum (Zot:4)
  4 golden dragon simulacra (IceCv)
  4 tengu conjurers
  A tormentor (Depths:2)
  7 komodo dragons
  3 red devils (Depths:2)
  3 hellwings (Swamp:4)
  10 meliai
  2 bloated husks
  13 polar bears
  7 trolls
  2 ancient zymes
  2 meliai (shapeshifter)
  9 tyrant leeches
  A hornet (shapeshifter) (D:14)
  9 hornets
  26 tarantellas
  6 raiju (Lair:5)
  8 blink frogs
  A spriggan zombie (Depths:1)
  3 dream sheep (Lair:5)
  29 slime creatures
  20 jumping spiders
  24 culicivoras
  3 shadows
  2 air elementals (Elf:2)
  15 spriggans
  56 yaks
  A spriggan (shapeshifter) (D:15)
  7 wraiths
  A ynoxinul (Abyss:3)
  3 large abominations (Abyss:3)
  8 basilisks
  7 fire elementals
  8 water elementals
  4 wyverns
  8 neqoxecs
  A small abomination (Abyss:2)
  48 redbacks
  A basilisk (shapeshifter) (Elf:1)
  A purple draconian simulacrum (Zot:4)
  A red draconian simulacrum (Zot:4)
  3 steam dragons
  2 chaos spawn (Swamp:4)
  19 wargs
  17 vampire mosquitoes
  A moth of wrath simulacrum (Zot:4)
  10 water moccasins
  A water moccasin (shapeshifter) (Depths:3)
  13 hell hounds
  14 swamp worms
  A floating eye (shapeshifter) (Depths:1)
  26 orc warriors
  2 sky beasts (D:8)
  2 swamp drakes
  13 black bears
  7 ogres (Orc:1)
  15 centaurs
  4 ice dragon simulacra (IceCv)
  29 wolves
  A phantom (D:5)
  5 bullfrogs
  12 kobold brigands
  4 necrophages
  3 gnoll sergeants
  An earth elemental (Elf:1)
  6 wights (D:7)
  4 scorpions
  7 lindwurm simulacra (IceCv)
  12 howler monkeys
  2 electric eels
  3 hounds
  5 jellies
  A gnoll bouda (D:8)
  36 orc priests
  7 starcursed masses (Abyss:3)
  Jessica (D:3)
  Ijyb (D:5)
  3 iguanas
  A sleepcap (D:4)
  25 orc wizards
  A mummy (Ossuary)
  Robin (D:2)
  6 adders
  17 gnolls
  A white imp (D:8)
  5 worms
  3 dart slugs
  113 orcs
  6 ball pythons
  4 bats
  10 endoplasms
  A giant cockroach (D:2)
  7 hobgoblins
  7 jackals
  4 quokkas
  3 frilled lizards (D:2)
  A gnoll skeleton (Ossuary)
  25 goblins
  A hobgoblin zombie (D:8)
  22 kobolds
  2 kobold skeletons (Ossuary)
  6 orc skeletons (Ossuary)
  5 rats
  3 spectral weapons
1870 creatures vanquished.

Vanquished Creatures (collateral kills)
  A deep elf blademaster (Elf:3)
  A draconian shifter (Depths:4)
  A very ugly thing (Depths:4)
  A thrashing horror (Abyss:2)
  A storm dragon simulacrum (IceCv)
  A bloated husk (Swamp:2)
  A meliai (Spider:4)
  A slime creature (D:14)
  An ice dragon simulacrum (IceCv)
  A lindwurm simulacrum (IceCv)
10 creatures vanquished.

Vanquished Creatures (others)
  A deep elf sorcerer (Elf:3)
  A vault warden (Vaults:2)
  A white draconian (IceCv)
  2 deep elf demonologists (Elf:3)
  A spark wasp (Depths:3)
  A deep elf knight (Elf:2)
  A deep elf zephyrmancer (Elf:3)
  A cyclops (D:12)
  3 bloated husks (Swamp:4)
  A centaur simulacrum (D:12)
  An air elemental (D:14)
  A water elemental (D:14)
  A fire elemental (D:13)
  A swamp worm (Swamp:4)
  A centaur (D:13)
  A kobold brigand (Abyss:3)
  10 foxfires (Swamp:4)
  77 spectral weapons
106 creatures vanquished.

Grand Total: 1986 creatures vanquished

Notes
Turn   | Place    | Note
-------+----------+-------------------------------------------
     0 | D:1      | foff the Mummy Brigand began the quest for the Orb.
     0 | D:1      | Reached XP level 1. HP: 16/16 MP: 1/1
     0 | D:1      | Upgraded the game from 0.31-a0-627-gd65175c to
                  | 0.31-a0-636-ge1c0e02
     1 | D:1      | Noticed an electric eel
   200 | D:1      | Reached skill level 1 in Dodging
   285 | D:1      | Reached XP level 2. HP: 19/22 MP: 2/2
   823 | D:2      | Gained mutation: You are in touch with the powers of death.
                  | [Mummy growth]
   823 | D:2      | Reached XP level 3. HP: 26/28 MP: 3/3
   838 | D:2      | Noticed Robin
  1326 | D:2      | Killed Robin
  1327 | D:2      | Reached XP level 4. HP: 16/34 MP: 4/4
  1498 | D:2      | Reached skill level 1 in Shields
  1533 | D:2      | Found Ucaum's Book Shop.
  1699 | D:2      | Found a runed translucent door.
  1700 | D:2      | Noticed Crazy Yiuf
  2442 | D:3      | Reached XP level 5. HP: 34/39 MP: 5/5
  2637 | D:3      | Noticed Jessica
  2643 | D:3      | Killed Jessica
  2696 | D:3      | Found a faded altar of an unknown god.
  3285 | D:4      | Learned a level 4 spell: Dispel Undead
  3294 | D:4      | Reached XP level 6. HP: 47/47 MP: 6/6
  3403 | D:3      | Identified a scroll of acquirement
  3403 | D:3      | Acquired the +0 swamp dragon scales of Kegoose {rPois
                  | Regen+}
  3695 | D:3      | HP: 2/47 [acid (9)]
  4411 | D:5      | Entered Level 5 of the Dungeon
  4574 | D:5      | Reached XP level 7. HP: 52/52 MP: 7/7
  4679 | D:5      | Reached skill level 1 in Armour
  4768 | D:5      | Noticed Ijyb
  4775 | D:5      | Killed Ijyb
  4781 | D:5      | Found a staircase to the Ecumenical Temple.
  4883 | D:6      | Reached skill level 1 in Spellcasting
  4956 | Temple   | Entered the Ecumenical Temple
  4975 | Temple   | Became a worshipper of Ashenzari the Shackled
  5150 | D:6      | Reached XP level 8. HP: 53/60 MP: 10/10
  5195 | D:6      | Reached skill level 2 in Spellcasting
  5446 | D:6      | Found a shadowy altar of Dithmenos.
  5450 | D:6      | Identified the +6 whip "Nodwucog" {heavy, Int+2}
  5506 | D:7      | Identified the +0 robe "Ojesset" {Regen+ Str+4}
  5959 | D:7      | Found an ancient bone altar of Kikubaaqudgha.
  6028 | D:7      | Reached skill level 1 in Necromancy
  6078 | D:7      | Reached skill level 1 in Evocations
  6081 | D:7      | Reached skill level 3 in Spellcasting
  6091 | D:7      | Reached skill level 5 in Stealth
  6341 | D:8      | Reached XP level 9. HP: 62/66 MP: 13/13
  6359 | D:8      | Found a sand-covered staircase.
  6369 | Ossuary  | Entered an ossuary
  6460 | Ossuary  | Reached * piety under Ashenzari
  6904 | D:8      | Reached skill level 5 in Fighting
  6945 | D:8      | Learned a level 3 spell: Confusing Touch
  7017 | D:9      | Reached skill level 4 in Spellcasting
  7047 | D:9      | Reached skill level 1 in Hexes
  7397 | D:9      | Reached XP level 10. HP: 74/74 MP: 16/16
  7406 | D:9      | Found a staircase to the Lair.
  7486 | D:9      | Reached ** piety under Ashenzari
  7766 | D:9      | Reached skill level 5 in Spellcasting
  8124 | D:10     | Entered Level 10 of the Dungeon
  8124 | D:10     | Noticed a two-headed ogre
  8179 | D:10     | Noticed a smoke demon
  8277 | D:10     | Killed a two-headed ogre
  8344 | D:10     | Reached skill level 5 in Short Blades
  8406 | D:10     | Reached XP level 11. HP: 75/81 MP: 19/19
  8598 | D:10     | Reached skill level 5 in Dodging
  8598 | D:10     | Reached skill level 6 in Spellcasting
  8620 | D:10     | Found a flagged portal.
  8650 | Bailey   | Entered a bailey
  8655 | Bailey   | Noticed an orc warlord
  8836 | Bailey   | Found a runed translucent gate.
  8837 | Bailey   | Found a runed translucent gate.
  8839 | Bailey   | Found a runed translucent gate.
  9116 | Bailey   | Killed an orc warlord
  9365 | D:10     | Noticed Urug
  9379 | D:10     | Killed Urug
  9511 | D:10     | Noticed an obsidian statue
  9513 | D:10     | Acquired the ring of Wu Jian's Supremacy {rN+ Str+3 Dex+6}
  9842 | D:10     | Reached skill level 5 in Shields
  9931 | D:11     | Noticed a two-headed ogre
  9965 | D:11     | Killed a two-headed ogre
  9996 | D:11     | Noticed a skeletal warrior
 10183 | D:11     | Noticed a brown ugly thing
 10209 | D:12     | Learned a level 2 spell: Blink
 10517 | D:11     | Reached skill level 5 in Necromancy
 10688 | D:11     | Killed a brown ugly thing
 10929 | D:11     | Killed a skeletal warrior
 11030 | D:11     | Reached XP level 12. HP: 89/89 MP: 22/22
 11034 | D:11     | Learned a level 3 spell: Mephitic Cloud
 11194 | D:11     | Reached *** piety under Ashenzari
 11303 | D:12     | Noticed a two-headed ogre
 11388 | D:12     | Killed a two-headed ogre
 11389 | D:12     | Reached skill level 1 in Translocations
 11503 | D:12     | Reached skill level 5 in Armour
 11602 | D:12     | Reached skill level 1 in Conjurations
 11603 | D:12     | Reached skill level 7 in Spellcasting
 11799 | D:12     | Reached skill level 1 in Air Magic
 11799 | D:12     | Reached skill level 1 in Poison Magic
 11803 | D:12     | Noticed a tengu warrior
 11826 | D:12     | Killed a tengu warrior
 11827 | D:12     | Reached skill level 5 in Throwing
 11878 | D:12     | Noticed a centaur warrior
 11907 | D:12     | Killed a centaur warrior
 12230 | D:12     | Identified the +2 war axe of Emifyth {drain, *Corrode rC+++
                  | Str+6}
 12244 | D:12     | Reached **** piety under Ashenzari
 12384 | D:12     | Found a staircase to the Orcish Mines.
 12928 | D:13     | Noticed a five-headed hydra
 12935 | D:13     | Killed a five-headed hydra
 12953 | D:13     | Learned a level 3 spell: Dazzling Flash
 12967 | D:13     | Noticed a centaur warrior
 13005 | D:13     | Killed a centaur warrior
 13038 | D:13     | Noticed a centaur warrior
 13065 | D:13     | Killed a centaur warrior
 13066 | D:13     | Gained mutation: You are strongly in touch with the powers
                  | of death. [Mummy growth]
 13066 | D:13     | Reached XP level 13. HP: 78/96 MP: 15/24
 13184 | D:13     | Noticed Azrael
 13588 | Orc:1    | Entered Level 1 of the Orcish Mines
 14106 | Orc:1    | Noticed an ettin
 14142 | Orc:1    | Killed an ettin
 14143 | Orc:1    | Reached skill level 5 in Evocations
 14199 | Orc:1    | Noticed an ettin
 14247 | Orc:1    | Killed an ettin
 14479 | Orc:1    | Found a runed translucent gate.
 14479 | Orc:1    | Found a runed translucent gate.
 14480 | Orc:1    | Found a runed translucent gate.
 14482 | Orc:1    | Found an opulent altar of Gozag.
 14485 | Orc:1    | Noticed PiratePeteNZ's ghost (journeyman GnFi)
 14800 | Orc:1    | Noticed an ettin
 15011 | Orc:2    | Entered Level 2 of the Orcish Mines
 15261 | Orc:2    | Noticed Erolcha
 15272 | Orc:2    | Killed Erolcha
 15316 | Orc:2    | Reached skill level 5 in Hexes
 15356 | Orc:2    | Found a staircase to the Elven Halls.
 15532 | Orc:2    | Noticed Saint Roka
 15545 | Orc:2    | Reached ***** piety under Ashenzari
 15568 | Orc:2    | Killed Saint Roka
 16812 | Orc:2    | Found Sioste's Weapon Shop.
 16812 | Orc:2    | Found Ikhlel's Antique Armour Shoppe.
 16818 | Orc:2    | Bought 3 atropa-tipped darts for 43 gold pieces
 16928 | Orc:2    | Found Reroin's Distillery.
 16928 | Orc:2    | Found Luerupp's Book Shoppe.
 16943 | Orc:2    | Bought a book of Geomancy for 270 gold pieces
 16946 | Orc:2    | Learned a level 2 spell: Passwall
 17287 | Orc:2    | Bought a +3 rapier for 336 gold pieces
 17384 | Orc:1    | Killed an ettin
 17444 | Orc:1    | Noticed an ettin
 17482 | Orc:1    | Killed an ettin
 17594 | Orc:1    | Reached XP level 14. HP: 113/113 MP: 29/29
 17848 | Orc:1    | Reached skill level 1 in Transmutations
 17904 | Orc:1    | Noticed a frost giant
 17946 | Orc:1    | Killed a frost giant
 17947 | Orc:1    | Reached skill level 1 in Earth Magic
 18035 | Orc:1    | Identified the +2 great sword "Ubeiwoca" {heavy, Stlth+}
 18035 | Orc:1    | Identified the +1 scimitar "Kuxtoq" {freeze, rPois}
 18035 | Orc:1    | Found the +9 staff of Olgreb {rPois∞}
 18035 | Orc:1    | Identified the +1 spear of Dullness {venom, *Corrode Fly
                  | rN+ Dex+4}
 18035 | Orc:1    | Identified the +0 sling "Lyukh" {speed, rC+ Str+3}
 18059 | Orc:1    | Identified the +1 leather armour "Beidghurph" {rPois Str+5}
 18395 | Lair:1   | Entered Level 1 of the Lair of Beasts
 19633 | Orc:2    | Bought Great Wizards, Vol. II for 570 gold pieces
 19639 | Orc:2    | Learned a level 5 spell: Borgnjor's Vile Clutch
 19894 | Lair:2   | Found a hole to the Spider Nest.
 20429 | Lair:3   | Found a staircase to the Swamp.
 21058 | Lair:3   | Found a runed translucent gate.
 21058 | Lair:3   | Found a runed translucent gate.
 21058 | Lair:3   | Found a runed translucent gate.
 21059 | Lair:3   | Noticed Feol's ghost (journeyman OgDe)
 21075 | Lair:3   | Found a viscous altar of Jiyva.
 21075 | Lair:3   | Identified the +7 great mace "Letifof" {heavy, Fly rC+ rN+}
 21707 | Lair:4   | Noticed Nessos
 21716 | Lair:4   | Killed Nessos
 22013 | Lair:5   | Entered Level 5 of the Lair of Beasts
 22013 | Lair:5   | Found a staircase to the Slime Pits.
 22013 | Lair:5   | Found a viscous altar of Jiyva.
 22055 | Lair:5   | Reached XP level 15. HP: 83/120 MP: 14/30
 23479 | Lair:5   | Reached skill level 5 in Conjurations
 24149 | D:13     | Killed Azrael
 24383 | D:13     | Found Loevier's Antique Weapon Boutique.
 24415 | D:13     | Bought a glowing double sword for 594 gold pieces
 24422 | D:14     | Noticed Frances
 24628 | D:14     | Killed Frances
 24719 | D:14     | Found a large runed translucent door.
 24719 | D:14     | Found a large runed translucent door.
 25139 | D:14     | Found a stormy altar of Qazlal.
 25217 | D:14     | Found a gate to the Vaults.
 25321 | D:15     | Entered Level 15 of the Dungeon
 25665 | D:15     | Reached XP level 16. HP: 127/127 MP: 31/31
 25826 | D:15     | Found a staircase to the Depths.
 26083 | D:14     | Learned a level 4 spell: Anguish
 26236 | Spider:1 | Entered Level 1 of the Spider Nest
 27031 | Spider:2 | Identified the +2 leather armour of the Other Side {rN+}
 27047 | Spider:2 | Noticed Arachne
 27055 | Spider:2 | Killed Arachne
 27211 | Spider:2 | Reached skill level 10 in Short Blades
 27787 | Spider:2 | Reached skill level 5 in Transmutations
 28190 | Spider:3 | Noticed Donald
 28222 | Spider:3 | Killed Donald
 28590 | Spider:3 | Reached skill level 8 in Spellcasting
 28867 | Spider:3 | Noticed Mara
 28875 | Spider:4 | Entered Level 4 of the Spider Nest
 29096 | Spider:4 | Identified the +6 scimitar of Suodoyli {flame, MP-9 Dex+4}
 29101 | Spider:4 | Reached skill level 5 in Earth Magic
 29496 | Spider:4 | Identified the +4 kite shield of the Cricket {*Corrode
                  | Dex+5}
 29837 | Spider:4 | Reached XP level 17. HP: 125/131 MP: 20/31
 30861 | Spider:4 | Got a gossamer rune of Zot
 31205 | Spider:2 | Learned a level 5 spell: Silence
 31211 | Spider:2 | Learned a level 5 spell: Yara's Violent Unravelling
 31403 | Elf:1    | Entered Level 1 of the Elven Halls
 31443 | Elf:1    | Reached skill level 10 in Stealth
 32171 | Elf:1    | Found a runed translucent door.
 32171 | Elf:1    | Noticed Mown's ghost (adept DsFi)
 32544 | Elf:2    | Paralysed by an air elemental for 1 turns
 32634 | Elf:2    | Found a flickering gateway to a bazaar.
 32636 | Bazaar   | Entered a bazaar
 32636 | Bazaar   | Found Pester's Jewellery Emporium.
 32636 | Bazaar   | Found Tikyexar's General Store.
 32652 | Bazaar   | Found Paoruppoig's General Store.
 32680 | Bazaar   | Found Agoimaduje's Assorted Antiques.
 32688 | Bazaar   | Found Jeicufob's General Store.
 32696 | Bazaar   | Bought a scroll of enchant weapon for 97 gold pieces
 32706 | Bazaar   | Bought a scroll of revelation for 120 gold pieces
 32706 | Bazaar   | Bought a granite ring for 80 gold pieces
 32718 | Bazaar   | Bought a scroll of teleportation for 45 gold pieces
 32728 | Bazaar   | Bought an amulet of regeneration for 390 gold pieces
 32783 | Elf:2    | Reached skill level 9 in Spellcasting
 32957 | Elf:2    | Found a frozen archway.
 32959 | IceCv    | Entered an ice cave
 34084 | IceCv    | Identified the ring "Vassueky" {rF- rN+ Will+ rCorr}
 34412 | Elf:2    | Found a runed translucent gate.
 34412 | Elf:2    | Found a runed translucent gate.
 34412 | Elf:2    | Found a runed translucent gate.
 34468 | Elf:2    | Paralysed by an air elemental for 1 turns
 34472 | Elf:2    | Paralysed by an air elemental for 1 turns
 34774 | Elf:3    | Entered Level 3 of the Elven Halls
 35282 | Elf:3    | Reached skill level 5 in Air Magic
 35863 | Elf:3    | Noticed Nikola
 35886 | Elf:3    | Killed Nikola
 35887 | Elf:3    | Reached skill level 1 in Summonings
 35984 | Elf:3    | Reached XP level 18. HP: 138/138 MP: 29/33
 36019 | Abyss:2  | Found a corrupted altar of Lugonu.
 36019 | Abyss:2  | Cast into level 2 of the Abyss (a deep elf demonologist)
 36099 | Abyss:2  | Found an ornate altar of the Wu Jian Council.
 36182 | Abyss:2  | Noticed a profane servitor
 36219 | Abyss:3  | Found a radiant altar of Vehumet.
 36227 | Abyss:3  | Found a radiant altar of Vehumet.
 36344 | Abyss:3  | Found a corrupted altar of Lugonu.
 36394 | Elf:3    | Escaped the Abyss
 36786 | Elf:3    | Identified the ring of Cuocwunt {Ice rElec rCorr}
 36847 | Elf:3    | Identified the +5 halberd of Wrath {venom, rF+ Will+ Int+3}
 37073 | Elf:3    | Identified the +7 plate armour of the Earth {Int+4 Stlth+}
 37073 | Elf:3    | Identified the amulet "Kumu" {rC+ Regen+ MP+9}
 37127 | Elf:3    | Reached skill level 10 in Spellcasting
 37309 | Elf:3    | Identified the +6 demon trident "Ufeud" {flame, rElec rN+
                  | Dex+4}
 37309 | Elf:3    | Identified the +1 robe of Rationality {rElec}
 37309 | Elf:3    | Identified the ring "Etizurut" {rElec rCorr Str-4 Dex+9
                  | Stlth+}
 38258 | Elf:3    | Identified the +5 arbalest of the Hills {flame, rC+ Str+3
                  | Int+4}
 38302 | Elf:3    | Identified the +3 trident "Nephig" {protect, rC+ Int+5}
 38307 | Elf:3    | Identified the +0 pair of boots "Xaqogyov" {rC+}
 38785 | Swamp:1  | Entered Level 1 of the Swamp
 38924 | Swamp:1  | Noticed a tentacled monstrosity
 38929 | Swamp:1  | Found a runed translucent gate.
 38929 | Swamp:1  | Found a runed translucent gate.
 38929 | Swamp:1  | Found a runed translucent gate.
 38929 | Swamp:1  | Noticed Rehajen's ghost (journeyman FeSu)
 38931 | Swamp:1  | Identified the Guidebook on Boreal Zombies
 39497 | Swamp:1  | Noticed Jorgrun
 39516 | Swamp:1  | Killed Jorgrun
 40130 | Swamp:2  | Reached skill level 10 in Dodging
 40405 | Swamp:2  | Identified the +8 plate armour of Touses {*Corrode rPois
                  | rC- Int+5}
 40832 | Swamp:2  | Learned a level 5 spell: Lee's Rapid Deconstruction
 41111 | Swamp:3  | Reached XP level 19. HP: 142/142 MP: 25/35
 41276 | Swamp:3  | Reached skill level 11 in Spellcasting
 41276 | Swamp:3  | Reached skill level 10 in Hexes
 41383 | Swamp:4  | Entered Level 4 of the Swamp
 42306 | Swamp:4  | Got a decaying rune of Zot
 42749 | Swamp:1  | Learned a level 4 spell: Passage of Golubria
 42961 | Vaults:1 | Entered Level 1 of the Vaults
 43310 | Vaults:1 | Found a transporter.
 43312 | Vaults:1 | Noticed kickassninja's ghost (adept DECj)
 43313 | Vaults:1 | Found a transporter.
 43791 | Vaults:1 | Reached skill level 12 in Spellcasting
 44129 | Vaults:1 | Identified the +0 cloak of Wihischue {*Slow rC+ rCorr}
 44130 | Vaults:1 | Noticed an ancient lich
 44629 | D:2      | Bought a book of Alchemy for 308 gold pieces
 44629 | D:2      | Acquired the +1 pair of gloves "Ekehaewk" {rPois rF+ rN++}
 44652 | D:2      | Learned a level 5 spell: Irradiate
 44984 | Vaults:2 | Found Orhiqisy's Antique Weapon Boutique.
 45058 | Vaults:2 | Reached skill level 5 in Translocations
 45369 | Vaults:2 | Identified the +8 great sword of Duxes {freeze, +Blink
                  | Str+8 Dex-5}
 45606 | Vaults:2 | Reached XP level 20. HP: 89/152 MP: 30/39
 46160 | Vaults:2 | Found a runed translucent gate.
 46161 | Vaults:2 | Found a runed translucent gate.
 46161 | Vaults:2 | Found a runed translucent gate.
 46161 | Vaults:2 | Noticed Nycvuote's ghost (adept DrSh)
 46162 | Vaults:2 | Identified the +1 scale mail of Beauty {Harm rElec Str-2}
 46163 | Vaults:2 | Found an iron altar of Okawaru.
 46883 | Vaults:3 | Found a staircase to the Crypt.
 47743 | Vaults:4 | Found Vuxzidie's General Store.
 47748 | Vaults:4 | Bought a scroll of blinking for 105 gold pieces
 47748 | Vaults:4 | Bought a phial of floods for 560 gold pieces
 47750 | Vaults:4 | Identified the +2 dagger "Dragon's Tongue" {pain, Will+
                  | Int+6}
 47769 | Vaults:4 | Found Nojur's Assorted Antiques.
 47772 | Vaults:4 | Found a portal to a secret trove of treasure.
 47788 | Vaults:4 | Bought a wand of charming (1) for 120 gold pieces
 47815 | Vaults:4 | Reached skill level 13 in Spellcasting
 48156 | Vaults:4 | Found Firez's Magic Scroll Shop.
 48164 | Vaults:4 | Bought a scroll of teleportation for 51 gold pieces
 48164 | Vaults:4 | Bought a scroll of fear for 68 gold pieces
 48164 | Vaults:4 | Bought a scroll of blinking for 127 gold pieces
 48190 | Vaults:4 | Found a runed translucent door.
 48190 | Vaults:4 | Identified the Monograph on the Escort
 48201 | Vaults:4 | Found Qieg's Distillery.
 48762 | Vaults:4 | Reached skill level 10 in Evocations
 49368 | Depths:1 | Entered Level 1 of the Depths
 49404 | Depths:1 | Found Wameaxt's CLEARANCE SALE!.
 49513 | Depths:1 | Reached XP level 21. HP: 162/162 MP: 42/42
 49687 | Orc:2    | Bought a book of the Wilderness for 570 gold pieces
 49693 | Orc:2    | Learned a level 5 spell: Summon Mana Viper
 49696 | Orc:2    | Learned a level 2 spell: Ensorcelled Hibernation
 50115 | Depths:1 | Found a gateway to Hell.
 50116 | Depths:1 | Paralysed by a great orb of eyes for 4 turns
 50623 | Depths:1 | Noticed Sojobo
 50630 | Depths:1 | Killed Sojobo
 51513 | Depths:1 | Noticed Asterion
 51541 | Depths:1 | Killed Asterion
 51610 | Depths:1 | Found Nivuimoic's Assorted Antiques.
 51610 | Depths:1 | Found Ymikkyg's Book Shoppe.
 51622 | Depths:1 | Bought a serpentine amber ring for 130 gold pieces
 51622 | Depths:1 | Identified the ring of Bomittis {rC+ rN+ rCorr} (You bought
                  | it in a shop on level 1 of the Depths)
 52747 | Depths:2 | Noticed Vv
 52791 | Depths:2 | Found a one-way gate leading to the halls of Pandemonium.
 53261 | Depths:2 | Reached skill level 14 in Spellcasting
 54315 | Depths:2 | Found a one-way gate to the infinite horrors of the Abyss.
 54797 | Depths:2 | Identified the +0 longbow "Fiax" {speed, rElec rN++}
 55186 | Depths:2 | Killed Vv
 55187 | Depths:2 | Reached XP level 22. HP: 172/172 MP: 39/44
 55273 | Depths:2 | Found a blossoming altar of Fedhas.
 55424 | Depths:3 | Reached ****** piety under Ashenzari
 55436 | Depths:3 | Noticed a juggernaut
 55438 | Depths:3 | Identified the cursed +7 quick blade of Ashenzari's
                  | Soothsayer {spect, Elem, Cun} (You took it off a kobold
                  | brigand on level 3 of the Abyss)
 55512 | Depths:3 | Identified the cursed +7 quick blade of Ashenzari's
                  | Soothsayer {spect, Elem, Cun} (You took it off a kobold
                  | brigand on level 3 of the Abyss)
 55524 | Depths:3 | Killed a juggernaut
 55549 | Depths:3 | Noticed a golden dragon
 55559 | Depths:3 | Identified the cursed +7 quick blade of Ashenzari's
                  | Soothsayer {spect, Elem, Cun} (You took it off a kobold
                  | brigand on level 3 of the Abyss)
 55569 | Depths:2 | Identified the cursed +7 quick blade of Ashenzari's
                  | Soothsayer {spect, Elem, Cun} (You took it off a kobold
                  | brigand on level 3 of the Abyss)
 55627 | Depths:3 | Identified the cursed +7 quick blade of Ashenzari's
                  | Soothsayer {spect, Elem, Cun} (You took it off a kobold
                  | brigand on level 3 of the Abyss)
 55630 | Depths:3 | Identified the cursed +7 quick blade of Ashenzari's
                  | Soothsayer {spect, Elem, Cun} (You took it off a kobold
                  | brigand on level 3 of the Abyss)
 55633 | Depths:2 | Identified the cursed +7 quick blade of Ashenzari's
                  | Soothsayer {spect, Elem, Cun} (You took it off a kobold
                  | brigand on level 3 of the Abyss)
 55646 | Depths:2 | Killed a golden dragon
 55679 | Depths:3 | Identified the cursed +7 quick blade of Ashenzari's
                  | Soothsayer {spect, Elem, Cun} (You took it off a kobold
                  | brigand on level 3 of the Abyss)
 55682 | Depths:3 | Identified the cursed +7 quick blade of Ashenzari's
                  | Soothsayer {spect, Elem, Cun} (You took it off a kobold
                  | brigand on level 3 of the Abyss)
 55686 | Depths:2 | Identified the cursed +7 quick blade of Ashenzari's
                  | Soothsayer {spect, Elem, Cun} (You took it off a kobold
                  | brigand on level 3 of the Abyss)
 55738 | Depths:3 | Identified the cursed +7 quick blade of Ashenzari's
                  | Soothsayer {spect, Elem, Cun} (You took it off a kobold
                  | brigand on level 3 of the Abyss)
 55741 | Depths:3 | Identified the cursed +7 quick blade of Ashenzari's
                  | Soothsayer {spect, Elem, Cun} (You took it off a kobold
                  | brigand on level 3 of the Abyss)
 55789 | Depths:3 | Identified the cursed +7 quick blade of Ashenzari's
                  | Soothsayer {spect, Elem, Cun} (You took it off a kobold
                  | brigand on level 3 of the Abyss)
 55794 | Depths:3 | Identified the cursed +7 quick blade of Ashenzari's
                  | Soothsayer {spect, Elem, Cun} (You took it off a kobold
                  | brigand on level 3 of the Abyss)
 55800 | Depths:3 | Reached skill level 10 in Fighting
 55802 | Depths:3 | Identified the cursed +7 quick blade of Ashenzari's
                  | Soothsayer {spect, Elem, Cun} (You took it off a kobold
                  | brigand on level 3 of the Abyss)
 55811 | Depths:3 | Identified the cursed +7 quick blade of Ashenzari's
                  | Soothsayer {spect, Elem, Cun} (You took it off a kobold
                  | brigand on level 3 of the Abyss)
 55817 | Depths:3 | Identified the cursed +7 quick blade of Ashenzari's
                  | Soothsayer {spect, Elem, Cun} (You took it off a kobold
                  | brigand on level 3 of the Abyss)
 55825 | Depths:3 | Identified the cursed +7 quick blade of Ashenzari's
                  | Soothsayer {spect, Elem, Cun} (You took it off a kobold
                  | brigand on level 3 of the Abyss)
 55828 | Depths:3 | Identified the cursed +7 quick blade of Ashenzari's
                  | Soothsayer {spect, Elem, Cun} (You took it off a kobold
                  | brigand on level 3 of the Abyss)
 55955 | Depths:3 | Found Kinykh's Distillery.
 56100 | Depths:3 | Found a sacrificial altar of Ru.
 56171 | Depths:3 | Identified the cursed +7 quick blade of Ashenzari's
                  | Soothsayer {spect, Elem, Cun} (You took it off a kobold
                  | brigand on level 3 of the Abyss)
 56214 | Depths:3 | Identified the cursed +7 quick blade of Ashenzari's
                  | Soothsayer {spect, Elem, Cun} (You took it off a kobold
                  | brigand on level 3 of the Abyss)
 56220 | Depths:3 | Identified the cursed +7 quick blade of Ashenzari's
                  | Soothsayer {spect, Elem, Cun} (You took it off a kobold
                  | brigand on level 3 of the Abyss)
 56237 | Depths:3 | Identified the cursed +7 quick blade of Ashenzari's
                  | Soothsayer {spect, Elem, Cun} (You took it off a kobold
                  | brigand on level 3 of the Abyss)
 56278 | Depths:3 | Identified the cursed +7 quick blade of Ashenzari's
                  | Soothsayer {spect, Elem, Cun} (You took it off a kobold
                  | brigand on level 3 of the Abyss)
 56282 | Depths:3 | Identified the cursed +7 quick blade of Ashenzari's
                  | Soothsayer {spect, Elem, Cun} (You took it off a kobold
                  | brigand on level 3 of the Abyss)
 56334 | Depths:3 | Identified the cursed +7 quick blade of Ashenzari's
                  | Soothsayer {spect, Elem, Cun} (You took it off a kobold
                  | brigand on level 3 of the Abyss)
 56668 | Depths:3 | Identified the cursed +7 quick blade of Ashenzari's
                  | Soothsayer {spect, Elem, Cun} (You took it off a kobold
                  | brigand on level 3 of the Abyss)
 56678 | Depths:3 | Identified the cursed +7 quick blade of Ashenzari's
                  | Soothsayer {spect, Elem, Cun} (You took it off a kobold
                  | brigand on level 3 of the Abyss)
 56696 | Depths:3 | Identified the cursed +7 quick blade of Ashenzari's
                  | Soothsayer {spect, Elem, Cun} (You took it off a kobold
                  | brigand on level 3 of the Abyss)
 56706 | Depths:3 | Identified the cursed +7 quick blade of Ashenzari's
                  | Soothsayer {spect, Elem, Cun} (You took it off a kobold
                  | brigand on level 3 of the Abyss)
 56749 | Depths:3 | Identified the cursed +7 quick blade of Ashenzari's
                  | Soothsayer {spect, Elem, Cun} (You took it off a kobold
                  | brigand on level 3 of the Abyss)
 56831 | Depths:4 | Entered Level 4 of the Depths
 56837 | Depths:4 | Identified the cursed +7 quick blade of Ashenzari's
                  | Soothsayer {spect, Elem, Cun} (You took it off a kobold
                  | brigand on level 3 of the Abyss)
 56845 | Depths:4 | Identified the cursed +7 quick blade of Ashenzari's
                  | Soothsayer {spect, Elem, Cun} (You took it off a kobold
                  | brigand on level 3 of the Abyss)
 56848 | Depths:3 | Identified the cursed +7 quick blade of Ashenzari's
                  | Soothsayer {spect, Elem, Cun} (You took it off a kobold
                  | brigand on level 3 of the Abyss)
 56850 | Depths:3 | Identified the cursed +7 quick blade of Ashenzari's
                  | Soothsayer {spect, Elem, Cun} (You took it off a kobold
                  | brigand on level 3 of the Abyss)
 56852 | Depths:3 | Identified the cursed +7 quick blade of Ashenzari's
                  | Soothsayer {spect, Elem, Cun} (You took it off a kobold
                  | brigand on level 3 of the Abyss)
 56991 | Depths:3 | Identified the cursed +7 quick blade of Ashenzari's
                  | Soothsayer {spect, Elem, Cun} (You took it off a kobold
                  | brigand on level 3 of the Abyss)
 57085 | Depths:3 | Identified the cursed +7 quick blade of Ashenzari's
                  | Soothsayer {spect, Elem, Cun} (You took it off a kobold
                  | brigand on level 3 of the Abyss)
 57149 | Depths:3 | Identified the cursed +7 quick blade of Ashenzari's
                  | Soothsayer {spect, Elem, Cun} (You took it off a kobold
                  | brigand on level 3 of the Abyss)
 57153 | Depths:3 | Identified the cursed +7 quick blade of Ashenzari's
                  | Soothsayer {spect, Elem, Cun} (You took it off a kobold
                  | brigand on level 3 of the Abyss)
 57320 | Depths:3 | Identified the cursed +7 quick blade of Ashenzari's
                  | Soothsayer {spect, Elem, Cun} (You took it off a kobold
                  | brigand on level 3 of the Abyss)
 57323 | Depths:3 | Identified the cursed +7 quick blade of Ashenzari's
                  | Soothsayer {spect, Elem, Cun} (You took it off a kobold
                  | brigand on level 3 of the Abyss)
 57348 | Depths:4 | Identified the cursed +7 quick blade of Ashenzari's
                  | Soothsayer {spect, Elem, Cun} (You took it off a kobold
                  | brigand on level 3 of the Abyss)
 57353 | Depths:4 | Identified the cursed +7 quick blade of Ashenzari's
                  | Soothsayer {spect, Elem, Cun} (You took it off a kobold
                  | brigand on level 3 of the Abyss)
 57358 | Depths:4 | Identified the cursed +7 quick blade of Ashenzari's
                  | Soothsayer {spect, Elem, Cun} (You took it off a kobold
                  | brigand on level 3 of the Abyss)
 57509 | Depths:4 | Identified the cursed +7 quick blade of Ashenzari's
                  | Soothsayer {spect, Elem, Cun} (You took it off a kobold
                  | brigand on level 3 of the Abyss)
 57618 | Depths:3 | Identified the cursed +7 quick blade of Ashenzari's
                  | Soothsayer {spect, Elem, Cun} (You took it off a kobold
                  | brigand on level 3 of the Abyss)
 57701 | Depths:3 | Identified the cursed +7 quick blade of Ashenzari's
                  | Soothsayer {spect, Elem, Cun} (You took it off a kobold
                  | brigand on level 3 of the Abyss)
 57706 | Depths:3 | Identified the cursed +7 quick blade of Ashenzari's
                  | Soothsayer {spect, Elem, Cun} (You took it off a kobold
                  | brigand on level 3 of the Abyss)
 57800 | Depths:3 | Identified the cursed +7 quick blade of Ashenzari's
                  | Soothsayer {spect, Elem, Cun} (You took it off a kobold
                  | brigand on level 3 of the Abyss)
 57805 | Depths:3 | Identified the cursed +7 quick blade of Ashenzari's
                  | Soothsayer {spect, Elem, Cun} (You took it off a kobold
                  | brigand on level 3 of the Abyss)
 57808 | Depths:3 | Identified the cursed +7 quick blade of Ashenzari's
                  | Soothsayer {spect, Elem, Cun} (You took it off a kobold
                  | brigand on level 3 of the Abyss)
 57914 | Depths:4 | Identified the cursed +7 quick blade of Ashenzari's
                  | Soothsayer {spect, Elem, Cun} (You took it off a kobold
                  | brigand on level 3 of the Abyss)
 57929 | Depths:4 | Identified the cursed +7 quick blade of Ashenzari's
                  | Soothsayer {spect, Elem, Cun} (You took it off a kobold
                  | brigand on level 3 of the Abyss)
 57936 | Depths:4 | Identified the cursed +7 quick blade of Ashenzari's
                  | Soothsayer {spect, Elem, Cun} (You took it off a kobold
                  | brigand on level 3 of the Abyss)
 57941 | Depths:4 | Identified the cursed +7 quick blade of Ashenzari's
                  | Soothsayer {spect, Elem, Cun} (You took it off a kobold
                  | brigand on level 3 of the Abyss)
 57962 | Depths:4 | Identified the cursed +7 quick blade of Ashenzari's
                  | Soothsayer {spect, Elem, Cun} (You took it off a kobold
                  | brigand on level 3 of the Abyss)
 57988 | Depths:4 | Identified the cursed +7 quick blade of Ashenzari's
                  | Soothsayer {spect, Elem, Cun} (You took it off a kobold
                  | brigand on level 3 of the Abyss)
 58000 | Depths:3 | Identified the cursed +7 quick blade of Ashenzari's
                  | Soothsayer {spect, Elem, Cun} (You took it off a kobold
                  | brigand on level 3 of the Abyss)
 58065 | Depths:4 | Identified the cursed +7 quick blade of Ashenzari's
                  | Soothsayer {spect, Elem, Cun} (You took it off a kobold
                  | brigand on level 3 of the Abyss)
 58112 | Depths:4 | Found a gate to the Realm of Zot.
 58115 | Depths:4 | Identified the cursed +7 quick blade of Ashenzari's
                  | Soothsayer {spect, Elem, Cun} (You took it off a kobold
                  | brigand on level 3 of the Abyss)
 58117 | Depths:4 | Identified the cursed +7 quick blade of Ashenzari's
                  | Soothsayer {spect, Elem, Cun} (You took it off a kobold
                  | brigand on level 3 of the Abyss)
 58122 | Depths:4 | Identified the cursed +7 quick blade of Ashenzari's
                  | Soothsayer {spect, Elem, Cun} (You took it off a kobold
                  | brigand on level 3 of the Abyss)
 58124 | Depths:4 | Identified the cursed +7 quick blade of Ashenzari's
                  | Soothsayer {spect, Elem, Cun} (You took it off a kobold
                  | brigand on level 3 of the Abyss)
 58130 | Depths:4 | Identified the cursed +7 quick blade of Ashenzari's
                  | Soothsayer {spect, Elem, Cun} (You took it off a kobold
                  | brigand on level 3 of the Abyss)
 58214 | Depths:4 | Identified the cursed +7 quick blade of Ashenzari's
                  | Soothsayer {spect, Elem, Cun} (You took it off a kobold
                  | brigand on level 3 of the Abyss)
 58217 | Depths:4 | Identified the cursed +7 quick blade of Ashenzari's
                  | Soothsayer {spect, Elem, Cun} (You took it off a kobold
                  | brigand on level 3 of the Abyss)
 58219 | Depths:4 | Identified the cursed +7 quick blade of Ashenzari's
                  | Soothsayer {spect, Elem, Cun} (You took it off a kobold
                  | brigand on level 3 of the Abyss)
 58243 | Depths:4 | Identified the cursed +7 quick blade of Ashenzari's
                  | Soothsayer {spect, Elem, Cun} (You took it off a kobold
                  | brigand on level 3 of the Abyss)
 58285 | Depths:4 | Identified the cursed +7 quick blade of Ashenzari's
                  | Soothsayer {spect, Elem, Cun} (You took it off a kobold
                  | brigand on level 3 of the Abyss)
 58295 | Depths:4 | Identified the cursed +7 quick blade of Ashenzari's
                  | Soothsayer {spect, Elem, Cun} (You took it off a kobold
                  | brigand on level 3 of the Abyss)
 58304 | Depths:4 | Found a basalt altar of Yredelemnul.
 58379 | Depths:4 | Identified the cursed +7 quick blade of Ashenzari's
                  | Soothsayer {spect, Elem, Cun} (You took it off a kobold
                  | brigand on level 3 of the Abyss)
 58428 | Depths:4 | Identified the cursed +7 quick blade of Ashenzari's
                  | Soothsayer {spect, Elem, Cun} (You took it off a kobold
                  | brigand on level 3 of the Abyss)
 58429 | Depths:4 | Identified the cursed +7 quick blade of Ashenzari's
                  | Soothsayer {spect, Elem, Cun} (You took it off a kobold
                  | brigand on level 3 of the Abyss)
 58434 | Depths:4 | Identified the cursed +7 quick blade of Ashenzari's
                  | Soothsayer {spect, Elem, Cun} (You took it off a kobold
                  | brigand on level 3 of the Abyss)
 58440 | Depths:4 | Identified the cursed +7 quick blade of Ashenzari's
                  | Soothsayer {spect, Elem, Cun} (You took it off a kobold
                  | brigand on level 3 of the Abyss)
 58444 | Depths:4 | Identified the cursed +7 quick blade of Ashenzari's
                  | Soothsayer {spect, Elem, Cun} (You took it off a kobold
                  | brigand on level 3 of the Abyss)
 58525 | Depths:4 | Identified the cursed +7 quick blade of Ashenzari's
                  | Soothsayer {spect, Elem, Cun} (You took it off a kobold
                  | brigand on level 3 of the Abyss)
 58580 | Depths:4 | Identified the cursed +7 quick blade of Ashenzari's
                  | Soothsayer {spect, Elem, Cun} (You took it off a kobold
                  | brigand on level 3 of the Abyss)
 58584 | Depths:4 | Identified the cursed +7 quick blade of Ashenzari's
                  | Soothsayer {spect, Elem, Cun} (You took it off a kobold
                  | brigand on level 3 of the Abyss)
 58588 | Depths:4 | Identified the cursed +7 quick blade of Ashenzari's
                  | Soothsayer {spect, Elem, Cun} (You took it off a kobold
                  | brigand on level 3 of the Abyss)
 58595 | Depths:4 | Identified the cursed +7 quick blade of Ashenzari's
                  | Soothsayer {spect, Elem, Cun} (You took it off a kobold
                  | brigand on level 3 of the Abyss)
 58607 | Depths:4 | Identified the cursed +7 quick blade of Ashenzari's
                  | Soothsayer {spect, Elem, Cun} (You took it off a kobold
                  | brigand on level 3 of the Abyss)
 58760 | Depths:4 | Identified the cursed +7 quick blade of Ashenzari's
                  | Soothsayer {spect, Elem, Cun} (You took it off a kobold
                  | brigand on level 3 of the Abyss)
 58763 | Depths:4 | Identified the cursed +7 quick blade of Ashenzari's
                  | Soothsayer {spect, Elem, Cun} (You took it off a kobold
                  | brigand on level 3 of the Abyss)
 58766 | Depths:4 | Identified the cursed +7 quick blade of Ashenzari's
                  | Soothsayer {spect, Elem, Cun} (You took it off a kobold
                  | brigand on level 3 of the Abyss)
 58809 | Depths:4 | Identified the cursed +7 quick blade of Ashenzari's
                  | Soothsayer {spect, Elem, Cun} (You took it off a kobold
                  | brigand on level 3 of the Abyss)
 58830 | Depths:4 | Identified the cursed +7 quick blade of Ashenzari's
                  | Soothsayer {spect, Elem, Cun} (You took it off a kobold
                  | brigand on level 3 of the Abyss)
 58834 | Depths:4 | Identified the cursed +7 quick blade of Ashenzari's
                  | Soothsayer {spect, Elem, Cun} (You took it off a kobold
                  | brigand on level 3 of the Abyss)
 58837 | Depths:4 | Reached skill level 15 in Spellcasting
 58837 | Depths:4 | Identified the cursed +7 quick blade of Ashenzari's
                  | Soothsayer {spect, Elem, Cun} (You took it off a kobold
                  | brigand on level 3 of the Abyss)
 58839 | Depths:4 | Identified the cursed +7 quick blade of Ashenzari's
                  | Soothsayer {spect, Elem, Cun} (You took it off a kobold
                  | brigand on level 3 of the Abyss)
 58842 | Depths:4 | Identified the cursed +7 quick blade of Ashenzari's
                  | Soothsayer {spect, Elem, Cun} (You took it off a kobold
                  | brigand on level 3 of the Abyss)
 58848 | Depths:4 | Identified the cursed +7 quick blade of Ashenzari's
                  | Soothsayer {spect, Elem, Cun} (You took it off a kobold
                  | brigand on level 3 of the Abyss)
 58861 | Depths:4 | Identified the cursed +7 quick blade of Ashenzari's
                  | Soothsayer {spect, Elem, Cun} (You took it off a kobold
                  | brigand on level 3 of the Abyss)
 58865 | Depths:4 | Identified the cursed +7 quick blade of Ashenzari's
                  | Soothsayer {spect, Elem, Cun} (You took it off a kobold
                  | brigand on level 3 of the Abyss)
 58874 | Depths:4 | Found a one-way gateway to a ziggurat.
 58904 | Depths:4 | Identified the cursed +7 quick blade of Ashenzari's
                  | Soothsayer {spect, Elem, Cun} (You took it off a kobold
                  | brigand on level 3 of the Abyss)
 58909 | Depths:4 | Identified the cursed +7 quick blade of Ashenzari's
                  | Soothsayer {spect, Elem, Cun} (You took it off a kobold
                  | brigand on level 3 of the Abyss)
 58912 | Depths:4 | Identified the cursed +7 quick blade of Ashenzari's
                  | Soothsayer {spect, Elem, Cun} (You took it off a kobold
                  | brigand on level 3 of the Abyss)
 58914 | Depths:4 | Identified the cursed +7 quick blade of Ashenzari's
                  | Soothsayer {spect, Elem, Cun} (You took it off a kobold
                  | brigand on level 3 of the Abyss)
 58919 | Depths:4 | Identified the cursed +7 quick blade of Ashenzari's
                  | Soothsayer {spect, Elem, Cun} (You took it off a kobold
                  | brigand on level 3 of the Abyss)
 58946 | Depths:4 | Identified the cursed +7 quick blade of Ashenzari's
                  | Soothsayer {spect, Elem, Cun} (You took it off a kobold
                  | brigand on level 3 of the Abyss)
 59143 | Depths:4 | Identified the cursed +7 quick blade of Ashenzari's
                  | Soothsayer {spect, Elem, Cun} (You took it off a kobold
                  | brigand on level 3 of the Abyss)
 59360 | Depths:1 | Bought a wand of light (3) for 327 gold pieces
 59566 | Orc:2    | Bought a book of Cantrips for 180 gold pieces
 59568 | Orc:2    | Learned a level 1 spell: Apportation
 59811 | Depths:2 | Voluntarily entered the Abyss.
 59825 | Abyss:3  | Found a corrupted altar of Lugonu.
 59883 | Abyss:3  | Identified the cursed +7 quick blade of Ashenzari's
                  | Soothsayer {spect, Elem, Cun} (You took it off a kobold
                  | brigand on level 3 of the Abyss)
 59898 | Abyss:3  | Paralysed by accursed screaming for 1 turns
 59924 | Abyss:3  | Identified the cursed +7 quick blade of Ashenzari's
                  | Soothsayer {spect, Elem, Cun} (You took it off a kobold
                  | brigand on level 3 of the Abyss)
 59935 | Abyss:3  | Identified the cursed +7 quick blade of Ashenzari's
                  | Soothsayer {spect, Elem, Cun} (You took it off a kobold
                  | brigand on level 3 of the Abyss)
 59957 | Abyss:3  | Identified the cursed +7 quick blade of Ashenzari's
                  | Soothsayer {spect, Elem, Cun} (You took it off a kobold
                  | brigand on level 3 of the Abyss)
 59971 | Abyss:3  | Identified the cursed +7 quick blade of Ashenzari's
                  | Soothsayer {spect, Elem, Cun} (You took it off a kobold
                  | brigand on level 3 of the Abyss)
 59975 | Abyss:3  | Identified the cursed +7 quick blade of Ashenzari's
                  | Soothsayer {spect, Elem, Cun} (You took it off a kobold
                  | brigand on level 3 of the Abyss)
 59983 | Abyss:3  | Identified the cursed +7 quick blade of Ashenzari's
                  | Soothsayer {spect, Elem, Cun} (You took it off a kobold
                  | brigand on level 3 of the Abyss)
 59985 | Abyss:3  | Found a corrupted altar of Lugonu.
 59987 | Abyss:3  | Identified the cursed +7 quick blade of Ashenzari's
                  | Soothsayer {spect, Elem, Cun} (You took it off a kobold
                  | brigand on level 3 of the Abyss)
 59996 | Abyss:3  | Identified the cursed +7 quick blade of Ashenzari's
                  | Soothsayer {spect, Elem, Cun} (You took it off a kobold
                  | brigand on level 3 of the Abyss)
 60014 | Abyss:3  | Got an abyssal rune of Zot
 60049 | Abyss:3  | Identified the cursed +7 quick blade of Ashenzari's
                  | Soothsayer {spect, Elem, Cun} (You took it off a kobold
                  | brigand on level 3 of the Abyss)
 60081 | Depths:2 | Escaped the Abyss
 60131 | Zot:1    | Entered Level 1 of the Realm of Zot
 60132 | Zot:1    | Identified the cursed +7 quick blade of Ashenzari's
                  | Soothsayer {spect, Elem, Cun} (You took it off a kobold
                  | brigand on level 3 of the Abyss)
 60172 | Depths:4 | Identified the cursed +7 quick blade of Ashenzari's
                  | Soothsayer {spect, Elem, Cun} (You took it off a kobold
                  | brigand on level 3 of the Abyss)
 60282 | Zot:1    | Identified the cursed +7 quick blade of Ashenzari's
                  | Soothsayer {spect, Elem, Cun} (You took it off a kobold
                  | brigand on level 3 of the Abyss)
 60427 | Zot:1    | Identified the cursed +7 quick blade of Ashenzari's
                  | Soothsayer {spect, Elem, Cun} (You took it off a kobold
                  | brigand on level 3 of the Abyss)
 60442 | Zot:1    | Identified the cursed +7 quick blade of Ashenzari's
                  | Soothsayer {spect, Elem, Cun} (You took it off a kobold
                  | brigand on level 3 of the Abyss)
 60591 | Zot:1    | Noticed a golden dragon
 60592 | Zot:1    | Identified the cursed +7 quick blade of Ashenzari's
                  | Soothsayer {spect, Elem, Cun} (You took it off a kobold
                  | brigand on level 3 of the Abyss)
 60599 | Zot:1    | Identified the cursed +7 quick blade of Ashenzari's
                  | Soothsayer {spect, Elem, Cun} (You took it off a kobold
                  | brigand on level 3 of the Abyss)
 60609 | Zot:1    | Killed a golden dragon
 60618 | Zot:1    | Noticed Grunn
 60709 | Zot:2    | Identified the cursed +7 quick blade of Ashenzari's
                  | Soothsayer {spect, Elem, Cun} (You took it off a kobold
                  | brigand on level 3 of the Abyss)
 60715 | Zot:2    | Identified the cursed +7 quick blade of Ashenzari's
                  | Soothsayer {spect, Elem, Cun} (You took it off a kobold
                  | brigand on level 3 of the Abyss)
 60841 | Zot:2    | Identified the cursed +7 quick blade of Ashenzari's
                  | Soothsayer {spect, Elem, Cun} (You took it off a kobold
                  | brigand on level 3 of the Abyss)
 60848 | Zot:2    | Identified the cursed +7 quick blade of Ashenzari's
                  | Soothsayer {spect, Elem, Cun} (You took it off a kobold
                  | brigand on level 3 of the Abyss)
 60863 | Zot:1    | Identified the cursed +7 quick blade of Ashenzari's
                  | Soothsayer {spect, Elem, Cun} (You took it off a kobold
                  | brigand on level 3 of the Abyss)
 60867 | Zot:1    | Identified the cursed +7 quick blade of Ashenzari's
                  | Soothsayer {spect, Elem, Cun} (You took it off a kobold
                  | brigand on level 3 of the Abyss)
 60871 | Zot:1    | Identified the cursed +7 quick blade of Ashenzari's
                  | Soothsayer {spect, Elem, Cun} (You took it off a kobold
                  | brigand on level 3 of the Abyss)
 60963 | Zot:2    | Identified the cursed +7 quick blade of Ashenzari's
                  | Soothsayer {spect, Elem, Cun} (You took it off a kobold
                  | brigand on level 3 of the Abyss)
 60988 | Zot:2    | Identified the cursed +7 quick blade of Ashenzari's
                  | Soothsayer {spect, Elem, Cun} (You took it off a kobold
                  | brigand on level 3 of the Abyss)
 60992 | Zot:2    | Identified the cursed +7 quick blade of Ashenzari's
                  | Soothsayer {spect, Elem, Cun} (You took it off a kobold
                  | brigand on level 3 of the Abyss)
 60997 | Zot:1    | Identified the cursed +7 quick blade of Ashenzari's
                  | Soothsayer {spect, Elem, Cun} (You took it off a kobold
                  | brigand on level 3 of the Abyss)
 61108 | Zot:2    | Identified the cursed +7 quick blade of Ashenzari's
                  | Soothsayer {spect, Elem, Cun} (You took it off a kobold
                  | brigand on level 3 of the Abyss)
 61113 | Zot:2    | Identified the cursed +7 quick blade of Ashenzari's
                  | Soothsayer {spect, Elem, Cun} (You took it off a kobold
                  | brigand on level 3 of the Abyss)
 61116 | Zot:2    | Identified the cursed +7 quick blade of Ashenzari's
                  | Soothsayer {spect, Elem, Cun} (You took it off a kobold
                  | brigand on level 3 of the Abyss)
 61126 | Zot:2    | Identified the cursed +7 quick blade of Ashenzari's
                  | Soothsayer {spect, Elem, Cun} (You took it off a kobold
                  | brigand on level 3 of the Abyss)
 61128 | Zot:2    | Identified the cursed +7 quick blade of Ashenzari's
                  | Soothsayer {spect, Elem, Cun} (You took it off a kobold
                  | brigand on level 3 of the Abyss)
 61217 | Zot:2    | Identified the cursed +7 quick blade of Ashenzari's
                  | Soothsayer {spect, Elem, Cun} (You took it off a kobold
                  | brigand on level 3 of the Abyss)
 61256 | Zot:2    | Identified the cursed +7 quick blade of Ashenzari's
                  | Soothsayer {spect, Elem, Cun} (You took it off a kobold
                  | brigand on level 3 of the Abyss)
 61261 | Zot:2    | Identified the cursed +7 quick blade of Ashenzari's
                  | Soothsayer {spect, Elem, Cun} (You took it off a kobold
                  | brigand on level 3 of the Abyss)
 61263 | Zot:2    | Identified the cursed +7 quick blade of Ashenzari's
                  | Soothsayer {spect, Elem, Cun} (You took it off a kobold
                  | brigand on level 3 of the Abyss)
 61297 | Zot:2    | Identified the cursed +7 quick blade of Ashenzari's
                  | Soothsayer {spect, Elem, Cun} (You took it off a kobold
                  | brigand on level 3 of the Abyss)
 61301 | Zot:2    | Identified the cursed +7 quick blade of Ashenzari's
                  | Soothsayer {spect, Elem, Cun} (You took it off a kobold
                  | brigand on level 3 of the Abyss)
 61427 | Zot:2    | Identified the cursed +7 quick blade of Ashenzari's
                  | Soothsayer {spect, Elem, Cun} (You took it off a kobold
                  | brigand on level 3 of the Abyss)
 61437 | Zot:2    | Identified the cursed +7 quick blade of Ashenzari's
                  | Soothsayer {spect, Elem, Cun} (You took it off a kobold
                  | brigand on level 3 of the Abyss)
 61443 | Zot:2    | Identified the cursed +7 quick blade of Ashenzari's
                  | Soothsayer {spect, Elem, Cun} (You took it off a kobold
                  | brigand on level 3 of the Abyss)
 61448 | Zot:2    | Reached XP level 23. HP: 145/187 MP: 42/47
 61453 | Zot:2    | Found Aroroner's Changing Room.
 61490 | Zot:3    | Identified the cursed +7 quick blade of Ashenzari's
                  | Soothsayer {spect, Elem, Cun} (You took it off a kobold
                  | brigand on level 3 of the Abyss)
 61493 | Zot:3    | Found a shimmering altar of Xom.
 61503 | Zot:3    | Identified the cursed +7 quick blade of Ashenzari's
                  | Soothsayer {spect, Elem, Cun} (You took it off a kobold
                  | brigand on level 3 of the Abyss)
 61533 | Zot:3    | Noticed a Killer Klown
 61533 | Zot:3    | Noticed a Killer Klown
 61533 | Zot:3    | Found a shimmering altar of Xom.
 61555 | Zot:3    | Noticed a curse toe
 61555 | Zot:3    | Killed a curse toe
 61655 | Zot:3    | Identified the cursed +7 quick blade of Ashenzari's
                  | Soothsayer {spect, Elem, Cun} (You took it off a kobold
                  | brigand on level 3 of the Abyss)
 61772 | Zot:2    | Noticed a curse toe
 61773 | Zot:2    | Killed a curse toe
 61808 | Zot:2    | Identified the cursed +7 quick blade of Ashenzari's
                  | Soothsayer {spect, Elem, Cun} (You took it off a kobold
                  | brigand on level 3 of the Abyss)
 61812 | Zot:2    | Identified the cursed +7 quick blade of Ashenzari's
                  | Soothsayer {spect, Elem, Cun} (You took it off a kobold
                  | brigand on level 3 of the Abyss)
 61815 | Zot:2    | Identified the cursed +7 quick blade of Ashenzari's
                  | Soothsayer {spect, Elem, Cun} (You took it off a kobold
                  | brigand on level 3 of the Abyss)
 61840 | Zot:2    | Identified the cursed +7 quick blade of Ashenzari's
                  | Soothsayer {spect, Elem, Cun} (You took it off a kobold
                  | brigand on level 3 of the Abyss)
 62018 | Zot:2    | Identified the cursed +7 quick blade of Ashenzari's
                  | Soothsayer {spect, Elem, Cun} (You took it off a kobold
                  | brigand on level 3 of the Abyss)
 62121 | Zot:4    | Identified the cursed +7 quick blade of Ashenzari's
                  | Soothsayer {spect, Elem, Cun} (You took it off a kobold
                  | brigand on level 3 of the Abyss)
 62129 | Zot:3    | Identified the cursed +7 quick blade of Ashenzari's
                  | Soothsayer {spect, Elem, Cun} (You took it off a kobold
                  | brigand on level 3 of the Abyss)
 62179 | Zot:5    | Entered Level 5 of the Realm of Zot
 62180 | Zot:5    | Noticed a Killer Klown
 62190 | Zot:5    | Killed a Killer Klown
 62261 | Zot:5    | Identified the cursed +7 quick blade of Ashenzari's
                  | Soothsayer {spect, Elem, Cun} (You took it off a kobold
                  | brigand on level 3 of the Abyss)
 62321 | Zot:5    | Found a transporter.
 62332 | Zot:5    | Identified the cursed +7 quick blade of Ashenzari's
                  | Soothsayer {spect, Elem, Cun} (You took it off a kobold
                  | brigand on level 3 of the Abyss)
 62335 | Zot:5    | Identified the cursed +7 quick blade of Ashenzari's
                  | Soothsayer {spect, Elem, Cun} (You took it off a kobold
                  | brigand on level 3 of the Abyss)
 62507 | Zot:5    | Noticed a curse toe
 62514 | Zot:5    | Identified the cursed +7 quick blade of Ashenzari's
                  | Soothsayer {spect, Elem, Cun} (You took it off a kobold
                  | brigand on level 3 of the Abyss)
 62519 | Zot:5    | Killed a curse toe
 62581 | Zot:5    | Identified the cursed +7 quick blade of Ashenzari's
                  | Soothsayer {spect, Elem, Cun} (You took it off a kobold
                  | brigand on level 3 of the Abyss)
 62601 | Zot:5    | Noticed a curse toe
 62797 | Zot:5    | Identified the cursed +7 quick blade of Ashenzari's
                  | Soothsayer {spect, Elem, Cun} (You took it off a kobold
                  | brigand on level 3 of the Abyss)
 62804 | Zot:5    | Killed a curse toe
 62871 | Zot:5    | Identified the cursed +7 quick blade of Ashenzari's
                  | Soothsayer {spect, Elem, Cun} (You took it off a kobold
                  | brigand on level 3 of the Abyss)
 62873 | Zot:5    | Identified the cursed +7 quick blade of Ashenzari's
                  | Soothsayer {spect, Elem, Cun} (You took it off a kobold
                  | brigand on level 3 of the Abyss)
 62878 | Zot:5    | Identified the cursed +7 quick blade of Ashenzari's
                  | Soothsayer {spect, Elem, Cun} (You took it off a kobold
                  | brigand on level 3 of the Abyss)
 62884 | Zot:5    | Identified the cursed +7 quick blade of Ashenzari's
                  | Soothsayer {spect, Elem, Cun} (You took it off a kobold
                  | brigand on level 3 of the Abyss)
 62888 | Zot:5    | Identified the cursed +7 quick blade of Ashenzari's
                  | Soothsayer {spect, Elem, Cun} (You took it off a kobold
                  | brigand on level 3 of the Abyss)
 62898 | Zot:5    | Identified the cursed +7 quick blade of Ashenzari's
                  | Soothsayer {spect, Elem, Cun} (You took it off a kobold
                  | brigand on level 3 of the Abyss)
 62904 | Zot:5    | Identified the cursed +7 quick blade of Ashenzari's
                  | Soothsayer {spect, Elem, Cun} (You took it off a kobold
                  | brigand on level 3 of the Abyss)
 63240 | Zot:5    | Reached skill level 10 in Translocations
 63240 | Zot:5    | Identified the cursed +7 quick blade of Ashenzari's
                  | Soothsayer {spect, Elem, Cun} (You took it off a kobold
                  | brigand on level 3 of the Abyss)
 63286 | Zot:4    | Identified the cursed +7 quick blade of Ashenzari's
                  | Soothsayer {spect, Elem, Cun} (You took it off a kobold
                  | brigand on level 3 of the Abyss)
 63363 | Zot:4    | Identified the cursed +7 quick blade of Ashenzari's
                  | Soothsayer {spect, Elem, Cun} (You took it off a kobold
                  | brigand on level 3 of the Abyss)
 63368 | Zot:4    | Identified the cursed +7 quick blade of Ashenzari's
                  | Soothsayer {spect, Elem, Cun} (You took it off a kobold
                  | brigand on level 3 of the Abyss)
 63429 | Zot:4    | Identified the ring "Gautoh" {Ice rCorr Str-4 Int+8}
 63429 | Zot:4    | Noticed Josephina
 63446 | Zot:5    | Identified the cursed +7 quick blade of Ashenzari's
                  | Soothsayer {spect, Elem, Cun} (You took it off a kobold
                  | brigand on level 3 of the Abyss)
 63450 | Zot:5    | Identified the cursed +7 quick blade of Ashenzari's
                  | Soothsayer {spect, Elem, Cun} (You took it off a kobold
                  | brigand on level 3 of the Abyss)
 63454 | Zot:5    | Identified the cursed +7 quick blade of Ashenzari's
                  | Soothsayer {spect, Elem, Cun} (You took it off a kobold
                  | brigand on level 3 of the Abyss)
 63457 | Zot:5    | Identified the cursed +7 quick blade of Ashenzari's
                  | Soothsayer {spect, Elem, Cun} (You took it off a kobold
                  | brigand on level 3 of the Abyss)
 63461 | Zot:5    | Identified the cursed +7 quick blade of Ashenzari's
                  | Soothsayer {spect, Elem, Cun} (You took it off a kobold
                  | brigand on level 3 of the Abyss)
 63465 | Zot:5    | Identified the cursed +7 quick blade of Ashenzari's
                  | Soothsayer {spect, Elem, Cun} (You took it off a kobold
                  | brigand on level 3 of the Abyss)
 63468 | Zot:5    | Identified the cursed +7 quick blade of Ashenzari's
                  | Soothsayer {spect, Elem, Cun} (You took it off a kobold
                  | brigand on level 3 of the Abyss)
 63471 | Zot:5    | Killed Josephina
 63736 | Zot:4    | Identified the cursed +7 quick blade of Ashenzari's
                  | Soothsayer {spect, Elem, Cun} (You took it off a kobold
                  | brigand on level 3 of the Abyss)
 63741 | Zot:4    | Identified the cursed +7 quick blade of Ashenzari's
                  | Soothsayer {spect, Elem, Cun} (You took it off a kobold
                  | brigand on level 3 of the Abyss)
 63745 | Zot:4    | Identified the cursed +7 quick blade of Ashenzari's
                  | Soothsayer {spect, Elem, Cun} (You took it off a kobold
                  | brigand on level 3 of the Abyss)
 63747 | Zot:4    | Identified the cursed +7 quick blade of Ashenzari's
                  | Soothsayer {spect, Elem, Cun} (You took it off a kobold
                  | brigand on level 3 of the Abyss)
 64075 | Zot:5    | Identified the cursed +7 quick blade of Ashenzari's
                  | Soothsayer {spect, Elem, Cun} (You took it off a kobold
                  | brigand on level 3 of the Abyss)
 64410 | Zot:5    | Noticed an orb of fire
 64410 | Zot:5    | Noticed an orb of fire
 64414 | Zot:5    | Got the Orb of Zot
 64414 | Zot:5    | Noticed a dread lich
 64414 | Zot:5    | Noticed an orb of fire
 64418 | Zot:5    | Identified the cursed +7 quick blade of Ashenzari's
                  | Soothsayer {spect, Elem, Cun} (You took it off a kobold
                  | brigand on level 3 of the Abyss)
 64512 | Zot:2    | Identified the cursed +7 quick blade of Ashenzari's
                  | Soothsayer {spect, Elem, Cun} (You took it off a kobold
                  | brigand on level 3 of the Abyss)
 64520 | Zot:1    | Identified the cursed +7 quick blade of Ashenzari's
                  | Soothsayer {spect, Elem, Cun} (You took it off a kobold
                  | brigand on level 3 of the Abyss)
 64641 | D:14     | Identified the cursed +7 quick blade of Ashenzari's
                  | Soothsayer {spect, Elem, Cun} (You took it off a kobold
                  | brigand on level 3 of the Abyss)
 64643 | D:14     | Identified the cursed +7 quick blade of Ashenzari's
                  | Soothsayer {spect, Elem, Cun} (You took it off a kobold
                  | brigand on level 3 of the Abyss)
 64646 | D:14     | Identified the cursed +7 quick blade of Ashenzari's
                  | Soothsayer {spect, Elem, Cun} (You took it off a kobold
                  | brigand on level 3 of the Abyss)
 64649 | D:14     | Identified the cursed +7 quick blade of Ashenzari's
                  | Soothsayer {spect, Elem, Cun} (You took it off a kobold
                  | brigand on level 3 of the Abyss)
 64794 | D:5      | Identified the cursed +7 quick blade of Ashenzari's
                  | Soothsayer {spect, Elem, Cun} (You took it off a kobold
                  | brigand on level 3 of the Abyss)
 64918 | D:1      | Identified the cursed +7 quick blade of Ashenzari's
                  | Soothsayer {spect, Elem, Cun} (You took it off a kobold
                  | brigand on level 3 of the Abyss)
 64948 | D:$      | Escaped with the Orb!

Illustrated notes

Levels and vault maps discovered:
D:1:      arrival_aquarium_a, layout_basic
D:2:      layout_loops_ring, serial_shops, shop_statue, minmay_tall_x,
          uniq_crazy_yiuf_cottage, uniq_robin
D:3:      layout_basic, basic_ecumenical_altar, uniq_jessica
D:4:      minmay_polygon_palace, layout_loops_cross
D:5:      layout_rooms, minmay_temple_entry_from_below_a, uniq_ijyb
D:6:      layout_basic, lemuel_round_altar
D:7:      layout_rooms, kiku_gazebo_pond_becter
D:8:      layout_basic, enter_ossuary_3
D:9:      layout_roguey, lair_entry_dummy
D:10:     layout_basic, enter_bailey_5, minivault_16, uniq_urug
D:11:     layout_basic, minmay_mirror_moons_of_madness
D:12:     minmay_the_grid_plus_closed [minmay_the_grid_paths,
          minmay_the_grid_minigrid_medium, minmay_the_grid_holed_spiral,
          minmay_the_grid_empty, minmay_the_grid_prize_four_corners],
          layout_basic, orc_0_dummy
D:13:     layout_long_grid, serial_shops, nicolae_stop_n_shop_1,
          nicolae_eternal_life, uniq_azrael
D:14:     layout_cross, david_vaults_4, nicolae_qazlal_eye_of_the_storm,
          minmay_misc_feat_diagonals, lightli_elemental_guards, uniq_frances
D:15:     grunt_enter_depths_giant_problem, layout_gridville,
          minmay_misc_feat_more_columns
Temple:   nicolae_temple_slightly_damp_pantheon
Lair:1:   layout_concentric_octagons, lemuel_fruit_tree, serial_bayou_shore_b,
          infiniplex_staircase_pool
Lair:2:   layout_gridlike, nicolae_spider_entry_orb_guardian,
          small_statue_intersection, infiniplex_staircase_pool_2,
          grunt_megastairs_2
Lair:3:   layout_gridlike, swamp_mist_pool, gammafunk_ghost_ooze, serial_forest,
          infiniplex_forest_end_2, infiniplex_forest_straight_3,
          infiniplex_forest_clump_small, infiniplex_forest_clump_curved,
          infiniplex_forest_end_2, infiniplex_forest_end_2,
          infiniplex_forest_clump_C
Lair:4:   layout_cave_pods, uniq_nessos
Lair:5:   hangedman_lair_caniforms_friends, layout_layer_cave,
          hangedman_lair_in_review, nicolae_slime_entry_slimehenge,
          serial_bayou_shore_a, serial_bayou_shore_b
Swamp:1:  layout_basic_swamp, gammafunk_ghost_split,
          evilmike_swamp_ruin_house_1, uniq_jorgrun
Swamp:2:  nicolae_swamp_wrong_neighborhood, layout_falls_marsh,
          evilmike_swamp_ruin_rubble_1
Swamp:3:  layout_basic_swamp, evilmike_swamp_ruin_rubble_2, swamp_pool1,
          nicolae_swamp_trees_clearing
Swamp:4:  nzn_swamp_witches_coven, layout_basic_swamp,
          nicolae_swamp_super_fun_site
Spider:1: layout_spider_delve, drop_trap, hangedman_spider_tarantella_strand
Spider:2: layout_spider_delve, uniq_arachne
Spider:3: layout_chambers, uniq_roxanne, uniq_mara, uniq_donald
Spider:4: grunt_spider_rune_parallel, worms_lemuel
Orc:1:    giant_chief_lemuel, layout_caves, ebering_ghost_gozag
Orc:2:    st_orc_town, layout_caves, uniq_saint_roka, uniq_erolcha
Elf:1:    minmay_elf_arrival_summoners, layout_loops_cross,
          hellmonk_ghost_big_iron
Elf:2:    elven_hall_of_blades_hangedman_original
          [nicolae_blade_entry_hurt_lockers], layout_gridlike, serial_shops,
          bzr_entry_safe, portal_ice_cave_entry_frozen_things,
          grunt_megastairs_4
Elf:3:    minmay_elf_hall_four_x, layout_gridlike, uniq_nikola
Vaults:1: gammafunk_ghost_mausoleum, nicolae_vaults_closet_pinwheel_1,
          ontoclasm_vaults_loading_screen, ontoclasm_vaults_bender, v_misc_13,
          vaults_room_fancy_cross, v_alt_pattern_1, nicolae_vaults_statue_guard,
          v_misc_26, nicolae_vaults_heart-shaped_vault,
          nicolae_vaults_storage_room_glass, dpeg_vaults_monster_box,
          v_pattern_4, layout_vaults_big_room
Vaults:2: gammafunk_ghost_fury_of_okawaru, nicolae_vaults_sealed_display,
          vaults_dpeg_doors, nicolae_vaults_trapezoid_layered,
          ontoclasm_vaults_eye, vaults_room_hangedman_quadrants,
          nicolae_vaults_trapezoid_lopsided_2, v_misc_18, layout_vaults_omnibox,
          serial_shops, nicolae_shop_gibbet_a_chance
Vaults:3: minmay_crypt_entry_simple_sparse, nicolae_vaults_diamond_2,
          nicolae_vaults_offset_grid_hallway_3, nicolae_vaults_house_1,
          nicolae_vaults_wine_cellar, nicolae_vaults_asterisk,
          nicolae_vaults_surprise_closet, nicolae_vaults_diamond_1,
          layout_vaults_omnigrid
Vaults:4: vaults_room_semicircle, nicolae_vaults_oozy_zoo, hangedman_vaults_hat,
          ontoclasm_vaults_fault, nicolae_vaults_tetromino_Z_2,
          nicolae_vaults_trapezoid_2, nicolae_vaults_tetromino_T_2,
          nicolae_vaults_closet_pinwheel_4, nicolae_vaults_closet_pinwheel_4,
          v_misc_10, nicolae_vaults_more_shelving_1, vaults_mumra_minichess,
          layout_vaults_maze_snakey, enter_trove_2, serial_shops, shop, shop,
          shop, shop
Depths:1: layout_gridlike, nicolae_hell_entry_hellmouth_sunbeams,
          grunt_decor_one_mirror, nicolae_shop_clearance, grunt_megastairs_3,
          minmay_shoptagon, uniq_asterion, uniq_sojobo
Depths:2: grunt_double_whammy, layout_cave_pools, hangedman_tar_grid_catacomb,
          abyss_entry_small_statue_room, kennysheep_another_room,
          grunt_pan_entry_spiral, fedhas_altar_4, serial_bayou_shore_b, uniq_vv
Depths:3: cross_vault, layout_cave_pools, abyss_entry, hell_entry,
          nicolae_ru_sacrificial_ziggurat, minmay_shop_star
Depths:4: grunt_twist_and_shout, layout_honeycomb, enter_ziggurat_e, hell_entry,
          yredelemnul_altar_generic
Zot:1:    layout_cathedral_of_symmetry, ebering_ghost_reflecting_pool,
          grunt_ministairs_2, uniq_grunn
Zot:2:    layout_gridville, nicolae_transmutations_shop
Zot:3:    dreamdust_zin_vs_xom, layout_onion
Zot:4:    hangedman_snap_crack_crunch, layout_onion, grunt_ministairs_2,
          uniq_josephina
Zot:5:    layout_basic, st_stairs_4, lemuel_baited_zot_trap, nicolae_diode_basic

Skill      XL: |  1  2  3  4  5  6  7  8  9 10 11 12 13 14 15 16 17 18 19 20 21 22 23 |
---------------+----------------------------------------------------------------------+-----
Dodging        | 1 2 3 4 5 6 7 8 9 10 11 12 13 14 | 14.1
Throwing       | 2 3 4 5 6 |  6.0
Short Blades   | 2 3 4 5 6 7 8 9 10 11 | 11.3
Shields        | 1 2 3 4 5 6 7 |  7.9
Fighting       | 3 4 5 6 7 8 9 11 12 | 12.6
Stealth        | 4 5 6 7 8 9 10 11 12 13 14 | 14.4
Armour         | 1 2 3 4 5 |  5.8
Spellcasting   | 1 3 4 5 6 7 8 9 10 12 13 14 15 | 15.0
Necromancy     | 1 3 4 5 6 7 8 |  8.3
Evocations     | 1 2 3 4 5 6 7 8 9 10 11 | 11.4
Hexes          | 1 2 3 4 5 6 7 8 9 11 | 11.8
Translocations | 2 3 4 5 6 7 9 10 | 10.2
Conjurations   | 2 3 4 5 6 7 8 |  8.3
Air Magic      | 1 2 3 5 6 |  6.0
Poison Magic   | 1 2 |  2.3
Transmutations | 2 4 5 6 7 8 9 |  9.4
Earth Magic    | 2 4 5 6 |  6.9
Summonings     | 1 3 |  3.1

Action                     |  1- 3 |  4- 6 |  7- 9 | 10-12 | 13-15 | 16-18 | 19-21 | 22-24 || total
---------------------------+-------+-------+-------+-------+-------+-------+-------+-------++-------
  Melee: Dagger            |   162 |   363 |   781 |  1639 |  1026 |       |       |       ||  3971
         Rapier            |       |       |       |       |  1167 |   515 |       |       ||  1682
         Staff             |       |       |       |       |    31 |   190 |       |       ||   221
         Quick blade       |       |       |       |       |       |  1046 |  3525 |  2070 ||  6641
  Throw: Dart              |       |    28 |     2 |    10 |    15 |     6 |    15 |     2 ||    78
         Throwing net      |       |       |       |       |       |     2 |     4 |     1 ||     7
   Cast: Dispel Undead     |       |       |       |    11 |     6 |    22 |     8 |     9 ||    56
         Confusing Touch   |       |       |       |     7 |     1 |    23 |     2 |     3 ||    36
         Dazzling Flash    |       |       |       |     6 |    37 |     5 |    15 |    13 ||    76
         Mephitic Cloud    |       |       |       |       |   102 |    19 |    45 |    15 ||   181
         Blink             |       |       |       |       |     4 |     6 |     4 |     3 ||    17
         Passwall          |       |       |       |       |     2 |     9 |     8 |     6 ||    25
         Borgnjor's Vile C |       |       |       |       |    11 |    56 |    35 |    19 ||   121
         Silence           |       |       |       |       |       |    26 |    12 |     5 ||    43
         Yara's Violent Un |       |       |       |       |       |     1 |     5 |     3 ||     9
         Lee's Rapid Decon |       |       |       |       |       |       |    10 |     8 ||    18
         Irradiate         |       |       |       |       |       |       |    58 |    60 ||   118
         Summon Mana Viper |       |       |       |       |       |       |       |     1 ||     1
         Passage of Golubr |       |       |       |       |       |       |       |    38 ||    38
         Ensorcelled Hiber |       |       |       |       |       |       |       |     3 ||     3
         Apportation       |       |       |       |       |       |       |       |     2 ||     2
 Invoke: Curse Item        |       |       |     2 |     4 |     2 |     3 |     4 |     2 ||    17
         Shatter the Chain |       |       |       |       |       |     4 |     2 |     1 ||     7
Ability: Evoke the Staff o |       |       |       |       |    45 |   146 |       |       ||   191
  Evoke: Wand              |       |       |     7 |     9 |    16 |    46 |     9 |     6 ||    93
         Box of beasts     |       |       |       |     2 |     3 |     1 |     2 |       ||     8
         Lightning rod     |       |       |       |       |       |    17 |     4 |     2 ||    23
         Phial of floods   |       |       |       |       |       |       |       |     1 ||     1
    Use: Scroll            |       |     9 |     4 |     3 |    10 |    22 |     9 |    11 ||    68
   Stab: Sleeping          |     5 |     3 |     3 |    13 |    17 |    19 |    63 |    31 ||   154
         Distracted        |     1 |       |     1 |     2 |     8 |    32 |   124 |    61 ||   229
         Invisible         |       |       |     3 |     1 |    13 |     9 |    15 |     8 ||    49
         Confused          |       |       |       |     7 |    76 |    41 |    32 |    18 ||   174
         Petrifying        |       |       |       |       |     1 |       |       |       ||     1
         Petrified         |       |       |       |       |     1 |       |       |       ||     1
         Held in net/web   |       |       |       |       |       |       |     7 |     1 ||     8
 Armour: Robe              |    42 |    60 |       |       |       |       |       |       ||   102
         Swamp dragon scal |       |    86 |   244 |   305 |   465 |   227 |       |       ||  1327
         Troll leather arm |       |       |       |       |       |    69 |   257 |   130 ||   456
  Dodge: Dodged            |    72 |   146 |   440 |  1093 |  2281 |   946 |  1158 |   874 ||  7010
  Block: Buckler           |    12 |    58 |   144 |   479 |   918 |   709 |   955 |   336 ||  3611
         Reflection        |       |       |       |       |       |    19 |    41 |     1 ||    61

Table legend: (Time is in decaauts)
 A = Elapsed time spent in this place.
 B = Non-inter-level travel time spent in this place.
 C = Inter-level travel time spent in this place.
 D = Time resting spent in this place.
 E = Time spent auto-exploring this place.
 F = Levels seen in this place.
 G = Mean time per level.
                   A        B        C        D        E       F      G
               +--------+--------+--------+--------+--------+-----+--------+
         Total |  62657 |  56723 |   5934 |  16106 |  22483 |  54 | 1160.3 |
       Dungeon |  16623 |  13586 |   3037 |   1874 |   6608 |  15 | 1108.2 |
        Temple |     38 |      1 |     37 |      0 |      0 |   1 |   38.0 |
          Lair |   5453 |   4977 |    476 |    636 |   2909 |   5 | 1090.6 |
         Swamp |   3652 |   3509 |    143 |    916 |   1365 |   4 |  913.0 |
   Spider Nest |   4982 |   4779 |    203 |   1575 |   1852 |   4 | 1245.5 |
  Orcish Mines |   4869 |   4240 |    629 |   1043 |   1548 |   2 | 2434.5 |
   Elven Halls |   5129 |   4926 |    203 |   2253 |   1600 |   3 | 1709.7 |
        Vaults |   5359 |   5100 |    259 |    841 |   2877 |   4 | 1339.8 |
        Depths |   9751 |   9130 |    621 |   4625 |   2244 |   4 | 2437.8 |
           Zot |   4132 |   3810 |    322 |   1412 |   1044 |   5 |  826.4 |
         Abyss |    580 |    580 |      0 |      0 |     12 |   3 |  193.3 |
        Bazaar |    110 |    110 |      0 |      0 |     55 |   1 |  110.0 |
       Ossuary |    117 |    117 |      0 |      0 |     22 |   1 |  117.0 |
        Bailey |    579 |    579 |      0 |    173 |    210 |   1 |  579.0 |
      Ice Cave |   1276 |   1276 |      0 |    756 |    135 |   1 | 1276.0 |
               +--------+--------+--------+--------+--------+-----+--------+

Top non-repeatable levels by time:
Depths:1: 3892 daAuts
   Elf:3: 3232 daAuts
   Orc:1: 2838 daAuts
Spider:4: 2252 daAuts
Depths:2: 2142 daAuts
Depths:3: 2131 daAuts
   Orc:2: 2031 daAuts
   Zot:5: 1967 daAuts
    D:12: 1933 daAuts
  Lair:5: 1735 daAuts
     D:2: 1603 daAuts
Depths:4: 1585 daAuts
Vaults:3: 1469 daAuts
     D:9: 1449 daAuts
     D:3: 1367 daAuts
